 Dungeon Crawl Stone Soup version 0.31-a0-859-g9dce7d3444 (webtiles) character file.

Game seed: 14498807310180093188

943858 MackTheKnife the Conqueror (level 27, -1/273 HPs)
             Began as a Pale Draconian Fighter on Oct 9, 2023.
             Was the Champion of Makhleb.
             Slain by an Ice Fiend (4 damage)
             ... while paralysed
             ... on level 9 of a ziggurat.
             The game lasted 02:47:14 (85376 turns).

MackTheKnife the Conqueror (DrFi)                  Turns: 85376, Time: 02:47:14

Health: -1/273     AC: 26    Str: 36      XL:     27
Magic:  18/35      EV:  2    Int:  0 (7)  God:    Makhleb [******]
Gold:   7820       SH:  0    Dex: 31      Spells: 27/34 levels left

rFire   + + .        a - +9 demon blade "Juhutunt" {drain, rF+, long}
rCold   + + +        G - +7 tower shield of Thoughtfulness {Str+3}
rNeg    + + +        (body armour unavailable)
rPois   ∞            x - +2 hat {SInv}
rElec   +            y - scarf "Kusch" {rC+ rF+, rElec rPois Str+4}
rCorr   .            X - +2 pair of gloves {Str+3}
SInv    +            e - +3 pair of mountain boots {steadfast, rC+}
Will    +++++        q - necklace of Bloodlust {Fury *Rage Will++ Int-3 Slay+6}
Stlth   ++++         O - ring "Qudiuneo" {Fly rC+ Will+ Str+3 Dex+3}
HPRegen 0.65/turn    D - ring "Cikonush" {AC+4 Str+4 Dex+3}
MPRegen 0.24/turn

%: no passive effects
@: paralysed, death-form, flying, slowed, lost intelligence, unable to read
A: vile attack, torment immunity, no potions, (breathe steam), AC +13, unfitting
armour, cold-blooded, steam resistance, hooves 1, stinger 1, agile 1, cold
vulnerability 1
}: 11/15 runes: decaying, serpentine, slimy, silver, bone, abyssal, demonic,
glowing, magical, fiery, dark
a: Siphon Essence, Begin Untransformation, Renounce Religion, Minor Destruction,
Lesser Servant of Makhleb, Major Destruction, Greater Servant of Makhleb


You were on level 9 of a ziggurat.
You worshipped Makhleb.
Makhleb was exalted by your worship.
You were an undying horror.
You visited 13 branches of the dungeon, and saw 61 of its levels.
You visited Pandemonium 2 times, and saw 17 of its levels.
You visited the Abyss 4 times.
You visited 1 bazaar.
You visited 1 ziggurat, and saw 9 of its levels.
You also visited: Trove, Bailey, Ice Cave, Wizlab and Desolation.

You collected 9651 gold pieces.
You spent 1831 gold pieces at shops.


Innate Abilities, Weirdness & Mutations

You are an undying horror.
Your melee and unarmed attacks drain, slow and weaken victims.
You are immune to unholy pain and torment.
You cannot drink.
You are immune to poison.
((You can breathe blasts of scalding, opaque steam.))
Your pale cyan-grey scales are hard. (AC +13)
You cannot fit into any form of body armour.
You are cold-blooded and may be slowed by cold attacks.
You are immune to the effects of steam.
You have large cloven feet.
Your tail ends in a venomous barb.
You are agile. (Dex +4, Str/Int -1)
You are vulnerable to cold. (rC-)


   Skills:
 O Level 27 Fighting
 + Level 19.2 Long Blades
 - Level 20.0 Dodging
 - Level 6.0 Stealth
 O Level 27 Shields
 - Level 4.0 Spellcasting
 - Level 10.0 Transmutations
 - Level 16.0 Invocations
 - Level 16.0 Evocations
 - Level 23.0 Shapeshifting


You had 27 spell levels left.
You knew the following spells:

 Your Spells              Type           Power      Damage    Failure   Level
a - Wereblood             Tmut           0%         N/A       1%          2
b - Yara's Violent Unrav  Hex/Tmut       0%         3d3       87%         5

Your spell library contained the following spells:

 Spells                   Type           Power      Damage    Failure   Level
 Passwall                 Tmut/Erth      0%         N/A       10%         2
 Ignite Poison            Fire/Tmut/Pois 0%         N/A       36%         3
 Apportation              Tloc           0%         N/A       45%         1
 Foxfire                  Conj/Fire      0%         2x1d4     45%         1
 Kiss of Death            Conj/Necr      0%         2d5       45%         1
 Magic Dart               Conj           0%         1d3       45%         1
 Necrotise                Necr           0%         1d4       45%         1
 Sandblast                Erth           0%         2d4       45%         1
 Shock                    Conj/Air       0%         1d3       45%         1
 Slow                     Hex            0%         N/A       45%         1
 Summon Small Mammal      Summ           0%         N/A       45%         1
 Petrify                  Tmut/Erth      0%         N/A       54%         4
 Blink                    Tloc           0%         N/A       58%         2
 Call Imp                 Summ           0%         N/A       58%         2
 Cigotuvi's Dreadful Rot  Necr/Pois/Air  0%         N/A       58%         2
 Ensorcelled Hibernation  Hex/Ice        0%         N/A       58%         2
 Jinxbite                 Hex            0%         N/A       58%         2
 Lesser Beckoning         Tloc           0%         N/A       58%         2
 Scorch                   Fire           0%         2d5       58%         2
 Searing Ray              Conj           0%         2d4       58%         2
 Static Discharge         Conj/Air       0%         2-2/arc   58%         2
 Sublimation of Blood     Necr           0%         N/A       58%         2
 Confusing Touch          Hex            0%         N/A       83%         3
 Dazzling Flash           Conj/Hex       0%         N/A       83%         3
 Frozen Ramparts          Ice            0%         1d1       83%         3
 Gell's Gravitas          Tloc           0%         N/A       83%         3
 Hailstorm                Conj/Ice       0%         3d3       83%         3
 Inner Flame              Hex/Fire       0%         N/A       83%         3
 Mephitic Cloud           Conj/Pois/Air  0%         N/A       83%         3
 Ozocubu's Armour         Ice            0%         N/A       83%         3
 Sigil of Binding         Hex            0%         N/A       83%         3
 Stone Arrow              Conj/Erth      0%         3d7       83%         3
 Swiftness                Air            0%         N/A       83%         3
 Teleport Other           Tloc           0%         N/A       83%         3
 Tukima's Dance           Hex            0%         N/A       83%         3
 Vampiric Draining        Necr           0%         2d6       83%         3
 Volatile Blastmotes      Fire/Tloc      0%         2d10      83%         3
 Alistair's Intoxication  Tmut/Pois      0%         N/A       87%         5
 Irradiate                Conj/Tmut      0%         3d11      87%         5
 Airstrike                Air            0%         2d(0-16)  99%         4
 Anguish                  Hex/Necr       0%         N/A       99%         4
 Animate Dead             Necr           0%         N/A       99%         4
 Brom's Barrelling Bould  Conj/Erth      0%         2d3       99%         4
 Cause Fear               Hex            0%         N/A       99%         4
 Dimensional Bullseye     Hex/Tloc       0%         N/A       99%         4
 Dispel Undead            Necr           0%         3d6       99%         4
 Flame Wave               Conj/Fire      0%         2d4       99%         4
 Fulminant Prism          Conj/Hex       0%         3d5       99%         4
 Iskenderun's Mystic Bla  Conj/Tloc      0%         2d3       99%         4
 Leda's Liquefaction      Hex/Erth       0%         N/A       99%         4
 Manifold Assault         Tloc           0%         N/A       99%         4
 Passage of Golubria      Tloc           0%         N/A       99%         4
 Sticky Flame             Conj/Fire      0%         2d3       99%         4
 Summon Ice Beast         Ice/Summ       0%         N/A       99%         4
 Summon Lightning Spire   Summ/Air       0%         N/A       99%         4
 Arcjolt                  Conj/Air       0%         1d10      100%        5
 Borgnjor's Vile Clutch   Necr/Erth      0%         N/A       100%        5
 Fireball                 Conj/Fire      0%         3d3       100%        5
 Freezing Cloud           Conj/Ice/Air   0%         6-21      100%        5
 Iskenderun's Battlesphe  Conj           0%         2d6       100%        5
 Lee's Rapid Deconstruct  Erth           0%         3d4*      100%        5
 Metabolic Englaciation   Hex/Ice        0%         N/A       100%        5
 Silence                  Hex/Air        0%         N/A       100%        5
 Summon Mana Viper        Hex/Summ       0%         N/A       100%        5
 Bombard                  Conj/Erth      0%         9d1       100%        6
 Conjure Ball Lightning   Conj/Air       0%         3x3d6     100%        6
 Death Channel            Necr           0%         N/A       100%        6
 Dispersal                Tloc           0%         N/A       100%        6
 Eringya's Noxious Bog    Tmut/Pois      0%         4d6       100%        6
 Plasma Beam              Fire/Air       0%         2x1d10    100%        6
 Simulacrum               Ice/Necr       0%         N/A       100%        6
 Starburst                Conj/Fire      0%         6d3       100%        6
 Summon Cactus Giant      Summ           0%         N/A       100%        6
 Enfeeble                 Hex            0%         N/A       100%        7
 Haunt                    Necr/Summ      0%         N/A       100%        7
 Malign Gateway           Summ/Tloc      0%         N/A       100%        7
 Monstrous Menagerie      Summ           0%         N/A       100%        7
 Ozocubu's Refrigeration  Ice            0%         4d7       100%        7
 Spellforged Servitor     Conj/Summ      0%         N/A       100%        7
 Summon Hydra             Summ           0%         N/A       100%        7
 Disjunction              Tloc           0%         N/A       100%        8
 Ignition                 Fire           0%         3d3       100%        8
 Infestation              Necr           0%         N/A       100%        8
 Lehudib's Crystal Spear  Conj/Erth      0%         10d2      100%        8
 Summon Horrible Things   Summ           0%         N/A       100%        8
 Chain Lightning          Conj/Air       0%         N/A       100%        9
 Dragon's Call            Summ           0%         N/A       100%        9
 Fire Storm               Conj/Fire      0%         5d1       100%        9
 Polar Vortex             Ice            0%         N/A       100%        9
 Shatter                  Erth           0%         3d5*      100%        9
 Animate Armour           Summ/Erth      Unusable   N/A       N/A         4

Inventory:

Hand Weapons
 a - the +9 demon blade "Juhutunt" (weapon) {drain, rF+, long}
   (Okawaru gifted it to you on level 3 of the Lair of Beasts)

   rF+:       It protects you from fire.
 A - the +9 sword of Zonguldrok {reap}
   (You found it in the Desolation of Salt)
Armour
 e - the +3 pair of mountain boots (worn) {steadfast, rC+}
   (You found it in a treasure trove)

   Steadfast: It prevents involuntary movement, except for blinking,
   teleportation, or banishment.
   rC+:       It protects you from cold.
 x - a +2 hat of see invisible (worn)
   (You found it in a treasure trove)
 y - the scarf "Kusch" (worn) {rC+ rF+, rElec rPois Str+4}
   (Okawaru gifted it to you on level 3 of the Lair of Beasts)

   Str+4:     It affects your strength (+4).
   rElec:     It insulates you from electricity.
   rPois:     It protects you from poison
 G - the +7 tower shield of Thoughtfulness (worn) {Str+3}
   (You found it in a bailey)

   Str+3:     It affects your strength (+3).
 X - a +2 pair of gloves of strength (worn)
   (You bought it in a shop on level 2 of the Orcish Mines)
Jewellery
 l - the ring "Qygehe" {rPois rCorr MP+9 Dex+3}
   (You found it on level 8 of a ziggurat)

   [ring of magical power]

   Dex+3:     It affects your dexterity (+3).
   rPois:     It protects you from poison MP+9: It affects your magic capacity
   (+9).
   rCorr:     It protects you from acid and corrosion.
 q - the necklace of Bloodlust (around neck) {Fury *Rage Will++ Int-3 Slay+6}
   (You found it on level 5 of the Pits of Slime)

   [amulet of nothing]

   Fury:      It extends the wearer's berserk rage when killing foes.
   Int-3:     It affects your intelligence (-3).
   Slay+6:    It affects your accuracy & damage with ranged weapons and melee
   (+6).
   Will++:    It greatly increases your willpower.
   *Rage:     It berserks you when you make melee attacks (+50% chance).
 D - the ring "Cikonush" (right hand) {AC+4 Str+4 Dex+3}
   (You found it in Pandemonium)

   [ring of protection]

   AC+4:      It affects your AC (+4).
   Str+4:     It affects your strength (+4).
   Dex+3:     It affects your dexterity (+3).
 O - the ring "Qudiuneo" (left hand) {Fly rC+ Will+ Str+3 Dex+3}
   (You found it in Pandemonium)

   [ring of flight]

   Str+3:     It affects your strength (+3).
   Dex+3:     It affects your dexterity (+3).
   rC+:       It protects you from cold.
   Will+:     It increases your willpower.
   Fly:       It grants you flight.
 W - the ring "Unojofro" {rF+ Dex+4}
   (You took it off a tengu warrior on level 11 of the Dungeon)

   [ring of protection from fire]

   Dex+4:     It affects your dexterity (+4).
   rF+:       It protects you from fire.
Talismans
 J - a talisman of death (active)
   (You found it in the Desolation of Salt)
Wands
 t - a wand of light (19)
   (You found it on level 3 of the Dungeon)
 v - a wand of digging (22)
   (You found it on level 4 of the Lair of Beasts)
 K - a wand of iceblast (72)
   (You found it on level 9 of the Dungeon)
Scrolls
 f - 9 scrolls of immolation {!r!r}
 i - a scroll of torment
 j - 14 scrolls of teleportation {@r4}
 n - 6 scrolls of enchant armour
 o - 11 scrolls of vulnerability {!r!r}
 r - 5 scrolls of blinking {!r}
 s - 8 scrolls of revelation
 z - 9 scrolls of enchant weapon
 B - 7 scrolls of silence {!r}
 I - 3 scrolls of summoning
 M - 6 scrolls of fear
 N - 6 scrolls of fog
 Y - 11 scrolls of poison
Potions
 c - 8 potions of might
 d - 14 potions of mutation {!q}
 h - 5 potions of resistance
 k - 4 potions of invisibility
 m - 28 potions of curing {@q1}
 p - 9 potions of magic
 u - 10 potions of cancellation
 w - 11 potions of haste {@q3}
 C - 7 potions of brilliance
 E - 12 potions of heal wounds {@q2}
 F - 10 potions of enlightenment
 H - 7 potions of ambrosia
Miscellaneous
 b - a lightning rod (4/4)
   (You found it on level 1 of the Vaults)
 g - a condenser vane
   (You found it on level 2 of the Vaults)
 P - the horn of Geryon
   (You took it off Geryon in the Vestibule of Hell)
 T - a phantom mirror
   (You found it in the Desolation of Salt)
 U - a phial of floods
   (You found it on level 11 of the Dungeon)
 V - a sack of spiders
   (You found it on level 11 of the Dungeon)

Dungeon Overview and Level Annotations

Branches:
Dungeon (15/15) Zot: 23861  Temple (1/1) D:4 Zot: 5986    Lair (5/5) D:10 Zot: 23717
  Swamp (4/4) Lair:2 Zot: 19977   Snake (4/4) Lair:3 Zot: 18738   Slime (5/5) Lair:5 Zot: 25254
    Orc (2/2) D:11 Zot: 9693     Elf (3/3) Orc:2 Zot: 13692  Vaults (5/5) D:14 Zot: 18699
  Crypt (0/3) Vaults:3     Depths (4/4) D:15 Zot: 17497    Hell (visited)
    Dis (0/7) Hell            Geh (0/7) Hell            Coc (0/7) Hell
    Tar (7/7) Hell Zot: 25399     Zot (5/5) Depths:4 Zot: 21483  Bailey (visited)
  IceCv (visited)          WizLab (visited)         Desolation (visited)

Altars:
Ashenzari
Cheibriados
Dithmenos
Elyvilon
Fedhas
Gozag
Hepliaklqana
Kikubaaqudgha
Makhleb
Nemelex Xobeh
Okawaru
Qazlal
Ru
Sif Muna
Trog
Uskayaw
Vehumet
Wu Jian
Xom
Yredelemnul
Zin
The Shining One
Jiyva

Shops:
D:1 =   D:3 :   D:15 (?(*   Orc:1 *   Orc:2 *[*   Elf:1 *=   Snake:4 *
Vaults:5 (   Depths:4 ?

Portals:
Hell: Depths:1 Depths:2 Depths:3 Depths:4
Abyss: Depths:3
Pandemonium: Orc:2 Depths:1 Depths:2 Depths:3

Annotations:
D:5 1 runed translucent door, Stil's ghost, amateur OpSh
Lair:2 exclusion: 2 oklob plants
Lair:5 exclusion: oklob plant
Elf:2 Jorgrun
Zot:4 36 runed doors
Zig:9 exclusion: 2 orange crystal statues

▓▓...........
▓▓...............▓
▓.................
▓.................
▓.....§.§......|[:
▓▓.....§§§§8....:∩)
▓..∩...§§§Z2R...[>[
▓▓.....§§§989Z../∩[
▓....§☼§.Zz19...:)
▓.....☼§§Z11......
▓.....§§§☼........
▓▓....§§§§.......▓
▓▓.............▓▓
▓▓...........▓▓
▓▓.........▓▓
▓▓▓▓▓.▓▓▓▓▓ ▓▓▓


You could see 3 Ice Fiends, a wendigo (inner flame), 2 orange crystal statues, 3
narguns, a tormentor (summoned), an ettin simulacrum (summoned) and 3 juggernaut
simulacra.


Message History

Found five items.
Found two gates leading back out of this place.
Found a stone staircase leading down.
You are engulfed in blazing flames.
You resist.
The orange crystal statue is engulfed in blazing flames. x2
The juggernaut simulacrum is engulfed in blazing flames.
Flame seeps out of the juggernaut simulacrum.
The juggernaut simulacrum attacks as it pursues you!
The juggernaut simulacrum hits you!! The juggernaut simulacrum freezes you!
You resist.
* * * LOW HITPOINT WARNING * * *
You block the juggernaut simulacrum's attack.
Unknown command. 😨 HP[-37]
You take 37 damage, and now have 130/273 hp.
Unknown command.
You are engulfed in blazing flames.
You resist.
* * * LOW HITPOINT WARNING * * *
The juggernaut simulacrum is engulfed in blazing flames.
Flame seeps out of the juggernaut simulacrum.
The juggernaut simulacrum hits you!
* * * LOW HITPOINT WARNING * * *
The juggernaut simulacrum freezes you! You resist.
* * * LOW HITPOINT WARNING * * *
You block the juggernaut simulacrum's attack.
The orange crystal statue is engulfed in blazing flames.
The orange crystal statue glitters.
The Ice Fiend gestures at you. The bolt of cold misses you.
You hear a sizzling sound!
The orange crystal statue is engulfed in blazing flames.
The orange crystal statue fixes its piercing gaze on you.
You feel dopey. Something feeds on your intellect!
The Ice Fiend is engulfed in blazing flames.
You block the Ice Fiend's attack. x2
Unknown command. 😨 HP[-25]
You take 25 damage, and now have 105/273 hp.
Unknown command.
Unknown command.
Press: ? - help, v - describe, . - travel
Here: a juggernaut simulacrum (flame, heavily damaged, summoned, inner flame)
The floor.
Unknown command.
You open the orange crystal statue like a pillowcase!!!
You tail-slap the orange crystal statue.
The orange crystal statue is engulfed in blazing flames.
You block the nargun's attack.
The nargun bites you but does no damage.
The Ice Fiend is engulfed in blazing flames.
You block the Ice Fiend's attack. The Ice Fiend completely misses you.
The orange crystal statue is engulfed in blazing flames.
The orange crystal statue fixes its piercing gaze on you.
You feel dopey.
You have lost your intelligence.
Something feeds on your intellect!
The tormentor is engulfed in blazing flames.
The nargun is engulfed in blazing flames.
The juggernaut simulacrum is engulfed in blazing flames.
Flame seeps out of the juggernaut simulacrum.
The juggernaut simulacrum hits you!!
* * * LOW HITPOINT WARNING * * *
The juggernaut simulacrum freezes you! You resist.
* * * LOW HITPOINT WARNING * * *
The juggernaut simulacrum hits you but does no damage.
The orange crystal statue fixes its piercing gaze on you.
Something tries to feed on your intellect!
The Ice Fiend is engulfed in blazing flames.
The Ice Fiend claws you but does no damage.
The Ice Fiend claws you!
* * * LOW HITPOINT WARNING * * *
The Ice Fiend freezes you! You resist.
* * * LOW HITPOINT WARNING * * *
The nargun hits you.
* * * LOW HITPOINT WARNING * * *
The nargun bites you but does no damage.
The orange crystal statue fixes its piercing gaze on you.
You feel your power leaking away.
The Ice Fiend claws you but does no damage. x2
The tormentor is engulfed in blazing flames.
The nargun is engulfed in blazing flames.
The Ice Fiend gestures at you. The bolt of cold hits you! You resist.
* * * LOW HITPOINT WARNING * * *
The bolt of cold hits the nargun.
The nargun completely resists.
You hear a sizzling sound!
The orange crystal statue is engulfed in blazing flames.
The orange crystal statue fixes its piercing gaze on you.
Something tries to feed on your intellect!
The Ice Fiend claws you.
* * * LOW HITPOINT WARNING * * *
The Ice Fiend freezes you! You resist.
* * * LOW HITPOINT WARNING * * *
The Ice Fiend claws you!
* * * LOW HITPOINT WARNING * * *
The Ice Fiend freezes you. You resist.
* * * LOW HITPOINT WARNING * * *
The Ice Fiend claws you.
* * * LOW HITPOINT WARNING * * *
The Ice Fiend freezes you. You resist.
You die...

Skill      XL: |  1  2  3  4  5  6  7  8  9 10 11 12 13 14 15 16 17 18 19 20 21 22 23 24 25 26 27 |
---------------+----------------------------------------------------------------------------------+-----
Long Blades    | 3 4 5 6 7 9 11 12 14 15 16 19 | 19.2
Fighting       | 5 8 10 11 14 16 17 18 20 22 27 | 27.0
Dodging        | 3 8 9 12 14 18 20 | 20.0
Shields        | 7 12 16 17 20 21 22 25 27 | 27.0
Invocations    | 4 9 10 16 | 16.0
Evocations     | 4 9 10 16 | 16.0
Transmutations | 2 6 10 | 10.0
Stealth        | 6 |  6.0
Spellcasting   | 4 |  4.0
Shapeshifting  | 9 15 20 23 | 23.0

Action                     |  1- 3 |  4- 6 |  7- 9 | 10-12 | 13-15 | 16-18 | 19-21 | 22-24 | 25-27 || total
---------------------------+-------+-------+-------+-------+-------+-------+-------+-------+-------++-------
  Melee: Long sword        |   141 |     2 |       |       |       |       |       |       |       ||   143
         Tailslap          |    13 |    13 |    41 |   123 |   273 |   297 |   731 |   675 |  1311 ||  3477
         Falchion          |       |    93 |   237 |   613 |       |       |       |       |       ||   943
         Dagger            |       |    31 |       |     2 |    12 |       |       |       |       ||    45
         Demon blade       |       |       |       |    38 |  1362 |  1467 |  2854 |  2392 |  3292 || 11405
         Maw               |       |       |       |       |       |       |       |   381 |   151 ||   532
         Double sword      |       |       |       |       |       |       |       |       |  1178 ||  1178
  Throw: Dart              |       |       |     4 |       |       |       |       |       |       ||     4
   Cast: Wereblood         |       |       |       |       |     3 |    33 |    64 |    40 |     6 ||   146
 Invoke: Heroism           |       |       |       |     1 |     9 |    30 |    18 |       |       ||    58
         Receive Weapon    |       |       |       |     1 |       |       |       |       |       ||     1
         Receive Armour    |       |       |       |     1 |       |       |       |       |       ||     1
         Finesse           |       |       |       |       |     2 |     7 |     5 |       |       ||    14
         Greater Servant o |       |       |       |       |       |       |     1 |     5 |    16 ||    22
         Lesser Servant of |       |       |       |       |       |       |       |     1 |     1 ||     2
Ability: Breathe Steam     |       |       |    10 |    23 |     6 |     6 |    16 |     2 |       ||    63
         Siphon Essence    |       |       |       |       |       |       |       |       |     3 ||     3
  Evoke: Wand              |       |       |       |    14 |       |     6 |     5 |     5 |    18 ||    48
         Lightning rod     |       |       |       |       |       |       |     6 |     2 |     5 ||    13
         Condenser vane    |       |       |       |       |       |       |     3 |     2 |     5 ||    10
         Sack of spiders   |       |       |       |       |       |       |     2 |     2 |     4 ||     8
         Phantom mirror    |       |       |       |       |       |       |       |     1 |     4 ||     5
         Phial of floods   |       |       |       |       |       |       |       |       |     2 ||     2
         Horn of Geryon    |       |       |       |       |       |       |       |       |     1 ||     1
    Use: Potion            |     4 |       |       |       |       |     4 |     7 |     1 |     9 ||    25
         Scroll            |       |       |    14 |     9 |     8 |     4 |    12 |    10 |    24 ||    81
   Stab: Sleeping          |       |     3 |     2 |     4 |    17 |    30 |    27 |    16 |    19 ||   118
         Invisible         |       |       |       |     1 |       |     4 |     1 |     3 |    12 ||    21
         Distracted        |       |       |       |       |     2 |     3 |     4 |     5 |    33 ||    47
         Petrifying        |       |       |       |       |       |       |     1 |       |       ||     1
         Petrified         |       |       |       |       |       |       |     1 |       |       ||     1
         Held in net/web   |       |       |       |       |       |       |     3 |       |       ||     3
         Confused          |       |       |       |       |       |       |       |     1 |       ||     1
 Armour: Skin              |   106 |    53 |   131 |   173 |   296 |   212 |   720 |   611 |   992 ||  3294
  Dodge: Dodged            |   114 |    60 |   110 |   105 |   275 |   340 |   894 |   826 |  1747 ||  4471
  Block: Buckler           |    49 |    28 |    51 |    17 |       |       |       |       |       ||   145
         Tower shield      |       |       |       |   511 |  1650 |  1549 |  3513 |  2784 |  4901 || 14908
         Reflection        |       |       |       |       |    61 |   184 |   127 |    93 |    30 ||   495
   Form: Maw               |       |       |       |       |       |       |       |     1 |       ||     1
         Death             |       |       |       |       |       |       |       |       |     2 ||     2
                           |       |       |       |       |       |       |       |       |     1 ||     1

Levels and vault maps discovered:
D:1:      dpeg_arrival_lava_temple_mockup, layout_basic, serial_shops,
          nicolae_shop_gaudy_bauble, nicolae_concentric_dashed_squares_wild
D:2:      minmay_razor_zed, layout_rooms, chequers_ecumenical_altar_twisty,
          corexii_shack, uniq_robin
D:3:      layout_basic, nicolae_tso_swordbearing_angel, serial_shops, shop,
          grunt_decor_one_mirror, hangedman_abyss_or_decor_stabs, minivault_25,
          bh_walls_and_bars
D:4:      layout_rooms, marbit_many_paths, nicolae_overflow_hidden_temple,
          minmay_temple_entry_offerings
D:5:      mumra_celtic_spiral_tile, layout_basic, gammafunk_ghost_grave
D:6:      layout_basic, lemuel_tele_altar, minivault_24
D:7:      layout_rooms, skrybe_limestone_x, uniq_crazy_yiuf_cottage
D:8:      layout_basic, nicolae_hepliaklqana_hazy_memory, enter_bailey_5,
          kennysheep_generic_room_7, uniq_grum, uniq_psyche
D:9:      layout_roguey, serial_rivers, chequers_serial_rivers_micro_a,
          chequers_serial_rivers_large_b, chequers_serial_rivers_large_a,
          chequers_serial_rivers_small_a, special_room [special_room_bee]
D:10:     layout_stronghold, mainiacjoe_overflow_small_starburst,
          old_standard_altar, mainiacjoe_overflow_surrounded_room,
          lair_entry_dummy
D:11:     minmay_complete_graph, layout_basic, orc_0_dummy,
          hangedman_abyss_or_decor_clamps, tgw_xom
D:12:     layout_basic
D:13:     layout_basic, uniq_snorg
D:14:     layout_small_grid, skrybe_vaults_entry_preservation, enter_trove_1,
          zin_angel, kennysheep_donut, beargit_elvish_explorers
D:15:     hangedman_depths_entry_civil_slaughter, layout_grid_maze,
          serial_shops, bzr_entry_dummy, nicolae_shop_rolled_up,
          nicolae_shop_overgrown_old_shop, shop,
          nicolae_shop_bloodbath_and_beyond,
          nicolae_concentric_dashed_squares_mild, nicolae_twisty_statue_hallways
Temple:   minmay_freezing_vapour_temple
Lair:1:   layout_misc_corridors, grunt_forest_large_clearings
Lair:2:   lemuel_slime, layout_hall_layers, swamp_mist_pool,
          nicolae_lair_lil_pond, lemuel_oklob_altar, serial_bayou_shore_a,
          infiniplex_staircase_pool_2
Lair:3:   layout_regular_city, alex1729_snake_entry_snake, minivault_19
Lair:4:   layout_hall_layers, grunt_megastairs_1
Lair:5:   hangedman_lair_tendril_chambers, layout_regular_city,
          nicolae_slime_entry_slimehenge,
          portal_ice_cave_entry_animals_and_master
Swamp:1:  layout_basic_swamp, evilmike_swamp_ruin_house_6, swamp_pool5,
          nicolae_swamp_drake_lake, infiniplex_staircase_pool, uniq_kirke
Swamp:2:  layout_falls_marsh, evilmike_swamp_ruin_rubble_2, swamp_pool4
Swamp:3:  layout_basic_swamp, evilmike_swamp_ruin_house_5, swamp_pool1
Swamp:4:  swamp_pestilence, layout_basic_swamp
Snake:1:  layout_rooms
Snake:2:  layout_basic
Snake:3:  layout_misc_corridors, hangedman_snake_thin_pillar_pass,
          grunt_megastairs_2, uniq_mlioglotl, uniq_saint_roka
Snake:4:  grunt_snake_rune_spirals, layout_onion_interference, serial_shops,
          shop
Slime:1:  layout_caves
Slime:2:  layout_caves, cheibrodos_slime_lost_civilization_7
Slime:3:  cheibrodos_slime_lost_civilization_9, layout_caves
Slime:4:  layout_caves, dissolution_awaits
Slime:5:  slime_pit_nicolae_trefoil
Orc:1:    layout_caves, nicolae_orc_pool_cavern, minmay_shop_mayhem,
          uniq_nergalle
Orc:2:    pf_orc_diabolical, layout_caves
Elf:1:    layout_gridlike, serial_shops, shop, shop,
          hangedman_elven_crosses_minicolossus, drop_trap, uniq_louise
Elf:2:    nicolae_elf_blades_crystal_corner, layout_gridlike, uniq_jorgrun
Elf:3:    grunt_elf_hall_branching, layout_geoelf_diagonals
Vaults:1: grunt_vaults_focal, v_misc_16, nicolae_vaults_bisected_slash,
          hangedman_vaults_slice, nicolae_vaults_ring_of_whatevers,
          ontoclasm_vaults_gallery, nicolae_vaults_apartment_2, v_misc_10,
          nicolae_vaults_little_squares_2, nicolae_vaults_more_shelving_1,
          nicolae_vaults_three_branches, layout_vaults_quadrants
Vaults:2: portal_desolation_entry_holy_temple, st_octagons_1,
          nicolae_vaults_doubleplus_tesselated, nicolae_vaults_tetromino_T_1,
          nicolae_vaults_tetromino_L_2, nicolae_vaults_little_squares_1,
          nicolae_vaults_yaktaur_gun_rack, nicolae_vaults_little_squares_1,
          vaults_dpeg_ring, nicolae_vaults_tetromino_T_1,
          layout_vaults_big_cross
Vaults:3: v_misc_4, nicolae_vaults_more_shelving_2, nicolae_vaults_c_with_doors,
          nicolae_vaults_network_periphery, vaults_mumra_hexcomb,
          minmay_crypt_entry_simple_walls, nicolae_vaults_double_plus_1,
          v_pattern_2, nicolae_vaults_tetromino_Z_1, grunt_vaults_hallway_short,
          vaults_room_pools, dpeg_vaults_monster_box, vaults_dpeg_encased_lava,
          layout_vaults_big_room
Vaults:4: nicolae_vaults_border_crossing, nicolae_vaults_house_1,
          nicolae_vaults_gold_heap, hangedman_vaults_slither,
          hangedman_vaults_trim, hangedman_vaults_locks,
          ontoclasm_vaults_loading_screen, nicolae_vaults_closet_pinwheel_3,
          nicolae_vaults_double_plus_1, ontoclasm_vaults_misaligned,
          nicolae_vaults_trapezoid_1, nicolae_vaults_tetromino_T_1,
          layout_vaults_ring
Vaults:5: serial_shops
Depths:1: layout_roguey, hangedman_coc_ice_floe, infiniplex_enter_wizlab_spiral,
          rand_demon_pan_entry_5, nicolae_wwwww, chequers_serial_rivers_micro_a,
          sword_in_stone, uniq_aizul
Depths:2: minmay_blocking_statues, layout_gridlike, pan_entry, hell_entry,
          amcnicky_mini_pool_small, corexii_corridor_pit, nicolae_danse_macabre,
          minmay_staircase_statues
Depths:3: minmay_octagon_keep, layout_gridlike, enter_ziggurat_f, abyss_entry,
          grunt_pan_entry_sceptre, serial_sigils_hangedman_stare,
          pf_hell_entry_tar_spiral, serial_bayou_shore_b, uniq_jory
Depths:4: grunt_zot_entry_bicorn, layout_basic,
          grunt_dithmenos_smoke_and_mirrors, serial_shops,
          nicolae_shop_window_shopping, grunt_hell_entry_dis_old, uniq_parghit
Hell
Tar:1:    layout_catacombs
Tar:2:    layout_grid_maze
Tar:3:    layout_honeycomb, evilmike_ambush [evilmike_ambush_outer_corners,
          evilmike_ambush_inner_basic]
Tar:4:    layout_grid_maze
Tar:5:    layout_grid_maze
Tar:6:    layout_honeycomb, nicolae_tar_cuneiform_oil
Tar:7:    tar_grunt_cathedral
Zot:1:    layout_basic
Zot:2:    kennysheep_spiral_hall, layout_misc_corridors, hangedman_hellfire_club
Zot:3:    hellmonk_paralyzer, layout_onion_interference
Zot:4:    layout_gridlike, door_vault
Zot:5:    layout_misc_corridors, drop_trap
Zig:9

Notes
Turn   | Place    | Note
-------+----------+-------------------------------------------
     0 | D:1      | MackTheKnife the Draconian Fighter began the quest for the
                  | Orb.
     0 | D:1      | Reached XP level 1. HP: 19/19 MP: 1/1
     0 | D:1      | magus.rc [v1.9.6]
   118 | D:1      | Reached XP level 2. HP: 26/26 MP: 2/2
   138 | D:1      | Found Puaseabbo's Jewellery Shoppe.
   214 | D:1      | You pick up a book of the Warp and begin reading...
   214 | D:1      | You add the spells Manifold Assault, Dispersal and
                  | Disjunction to your library.
   222 | D:1      | Reached skill level 3 in Long Blades
   246 | D:1      | You pick up a book of Air and begin reading...
   246 | D:1      | You add the spells Shock, Swiftness and Airstrike to your
                  | library.
   624 | D:2      | Noticed Robin
   673 | D:2      | Reached XP level 3. HP: 27/31 MP: 3/3
   885 | D:2      | HP: 6/31 [hobgoblin[Robin] (6)]
   889 | D:2      | Reached skill level 4 in Long Blades
   889 | D:2      | Gained mutation: You have sharp fingernails. [potion of
                  | mutation]
   889 | D:2      | Gained mutation: You are somewhat resistant to further
                  | mutation. [potion of mutation]
   889 | D:2      | HP: 2/31 [goblin/+0 club[Robin] (2)]
   927 | D:2      | Reached XP level 4. HP: 12/38 MP: 4/4
   929 | D:2      | Killed Robin
  1065 | D:2      | You pick up a book of Changes and begin reading...
  1065 | D:2      | You add the spells Wereblood and Irradiate to your library.
  1235 | D:2      | You pick up a book of Touch and begin reading...
  1235 | D:2      | You add the spells Kiss of Death, Confusing Touch and
                  | Dispel Undead to your library.
  1246 | D:2      | Identified the +1 falchion of Webygudu {venom, rF+ Str+3}
  1412 | D:2      | Found a faded altar of an unknown god.
  1429 | D:3      | Found Tuur's Book Shop.
  2222 | D:3      | Found a glowing golden altar of the Shining One.
  2289 | D:3      | Reached skill level 5 in Long Blades
  2289 | D:3      | Reached XP level 5. HP: 34/45 MP: 5/5
  2359 | D:4      | Found a staircase to the Ecumenical Temple.
  2360 | D:4      | Noticed a black bear
  2371 | Temple   | Entered the Ecumenical Temple
  2377 | D:4      | Killed a black bear
  2378 | D:4      | Reached skill level 6 in Long Blades
  2403 | D:4      | You add the spells Ignite Poison, Sticky Flame and Ignition
                  | to your library.
  2418 | D:4      | Reached XP level 6. HP: 51/51 MP: 6/6
  2501 | D:4      | Found an opulent altar of Gozag.
  2502 | D:4      | Found a basalt altar of Yredelemnul.
  2610 | D:4      | Reached skill level 7 in Long Blades
  2802 | D:4      | Your scales start taking on a pale cyan-grey colour.
  2802 | D:4      | Reached XP level 7. HP: 57/57 MP: 7/7
  2802 | D:4      | Gained mutation: You are immune to the effects of steam.
                  | [Pale Draconian growth]
  2802 | D:4      | Found a radiant altar of Vehumet.
  3012 | D:4      | Found a sparkling altar of Nemelex Xobeh.
  3014 | D:4      | Found a snail-covered altar of Cheibriados.
  3062 | D:5      | Entered Level 5 of the Dungeon
  3077 | D:5      | Reached skill level 8 in Long Blades
  3157 | D:5      | Reached skill level 9 in Long Blades
  3272 | D:5      | Found a runed translucent door.
  3272 | D:5      | Noticed Stil's ghost (amateur OpSh)
  3280 | D:5      | Reached XP level 8. HP: 61/63 MP: 8/8
  3652 | D:5      | Reached skill level 10 in Long Blades
  4144 | D:6      | Reached skill level 4 in Fighting
  4306 | D:6      | Reached skill level 5 in Fighting
  4306 | D:6      | Reached skill level 11 in Long Blades
  4544 | D:6      | Reached XP level 9. HP: 74/74 MP: 9/9
  4791 | D:6      | Found an iron altar of Okawaru.
  4856 | D:6      | Became a worshipper of Warmaster Okawaru
  5255 | D:7      | Reached skill level 6 in Fighting
  5522 | D:7      | Noticed a two-headed ogre
  5525 | D:7      | You pick up a book of Blasting and begin reading...
  5525 | D:7      | You add the spells Volatile Blastmotes, Fulminant Prism and
                  | Iskenderun's Mystic Blast to your library.
  5540 | D:7      | Reached * piety under Okawaru
  5595 | D:7      | Killed a two-headed ogre
  5596 | D:7      | Reached skill level 7 in Fighting
  5596 | D:7      | Reached skill level 12 in Long Blades
  5623 | D:7      | Found a runed translucent door.
  5624 | D:7      | Noticed Crazy Yiuf
  5631 | D:7      | Killed Crazy Yiuf
  5685 | D:7      | Reached skill level 8 in Fighting
  6078 | D:8      | Reached ** piety under Okawaru
  6090 | D:8      | Reached XP level 10. HP: 72/88 MP: 10/10
  6103 | D:8      | Reached skill level 13 in Long Blades
  6233 | D:8      | Found a flagged portal.
  6262 | Bailey   | Entered a bailey
  6407 | Bailey   | Identified a +0 crystal plate armour
  6420 | Bailey   | a +4 glaive {polearm}; a +0 crystal plate armour {rare=g}
  6423 | Bailey   | x - a +0 crystal plate armour {rare=g}
  6476 | Bailey   | Identified a +0 crystal plate armour
  6476 | Bailey   | Noticed an orc knight
  6488 | Bailey   | Killed an orc knight
  6488 | Bailey   | Reached *** piety under Okawaru
  6489 | Bailey   | Reached skill level 14 in Long Blades
  6495 | Bailey   | Reached skill level 3 in Dodging
  6575 | Bailey   | Identified the +3 storm dragon scales of Jeweedoi {rElec
                  | rC+ rCorr}
  6577 | Bailey   | Identified the ring "Zeel" {Will+ Str+2 Stlth+}
  6579 | Bailey   | Identified the +7 tower shield of Thoughtfulness {Str+3}
  6612 | Bailey   | H - a +0 crystal plate armour {rare=g}
  6617 | Bailey   | You drop a +0 crystal plate armour {rare=g}.
  6683 | D:8      | Noticed Grum
  6686 | D:8      | Reached skill level 4 in Shields
  6697 | D:8      | Killed Grum
  6698 | D:8      | Reached skill level 5 in Shields
  7202 | D:8      | Found a hazy altar of Hepliaklqana.
  7207 | D:8      | Noticed Psyche
  7211 | D:8      | Killed Psyche
  7211 | D:8      | Reached **** piety under Okawaru
  7212 | D:8      | Reached skill level 6 in Shields
  7453 | D:1      | Bought an amulet of regeneration for 330 gold pieces
  7686 | D:9      | Reached skill level 7 in Shields
  7707 | D:9      | Reached XP level 11. HP: 82/94 MP: 11/11
  7969 | D:9      | Reached skill level 8 in Shields
  8006 | D:9      | Reached ***** piety under Okawaru
  8165 | D:9      | You pick up a book of Ice and begin reading...
  8165 | D:9      | You add the spells Ozocubu's Refrigeration and Polar Vortex
                  | to your library.
  8207 | D:9      | Reached skill level 9 in Shields
  8375 | D:10     | Entered Level 10 of the Dungeon
  8423 | D:10     | Found a hide-covered altar of Uskayaw.
  8535 | D:10     | Noticed a two-headed ogre
  8552 | D:10     | Killed a two-headed ogre
  8552 | D:10     | Received a gift from Okawaru
  8722 | D:10     | Found a staircase to the Lair.
  8762 | D:10     | Found a shadowy altar of Dithmenos.
  8878 | D:10     | Found a white marble altar of Elyvilon.
  9384 | Lair:1   | Entered Level 1 of the Lair of Beasts
  9396 | Lair:1   | Reached skill level 10 in Shields
  9641 | Lair:1   | Reached skill level 11 in Shields
  9723 | Lair:1   | Reached skill level 12 in Shields
  9747 | Lair:1   | Received a gift from Okawaru
  9819 | Lair:1   | Reached XP level 12. HP: 102/102 MP: 12/12
 10400 | Lair:2   | Reached skill level 13 in Shields
 10424 | Lair:2   | Noticed a four-headed hydra
 10620 | Lair:2   | Found a blossoming altar of Fedhas.
 10628 | Lair:2   | Found a staircase to the Swamp.
 10719 | Lair:2   | Killed a four-headed hydra
 10824 | Lair:2   | You pick up a book of Power and begin reading...
 10824 | Lair:2   | You add the spells Iskenderun's Battlesphere and Bombard to
                  | your library.
 10881 | Lair:2   | Reached skill level 14 in Shields
 11521 | Lair:3   | Noticed a death yak
 11521 | Lair:3   | Noticed a death yak
 11521 | Lair:3   | Noticed a death yak
 11525 | Lair:3   | Noticed a death yak
 11528 | Lair:3   | Noticed a death yak
 11530 | Lair:3   | Noticed a death yak
 11532 | Lair:3   | Killed a death yak
 11536 | Lair:3   | Killed a death yak
 11536 | Lair:3   | Received a gift from Okawaru
 11541 | Lair:3   | Killed a death yak
 11541 | Lair:3   | Reached ****** piety under Okawaru
 11542 | Lair:3   | Reached skill level 15 in Shields
 11547 | Lair:3   | Killed a death yak
 11549 | Lair:3   | Killed a death yak
 11553 | Lair:3   | Killed a death yak
 11590 | Lair:3   | Acquired the +9 demon blade "Juhutunt" {drain, rF+}
 11590 | Lair:3   | Received a gift from Okawaru
 11597 | Lair:3   | Acquired the scarf "Kusch" {rC+ rF+, rElec rPois Str+4}
 11597 | Lair:3   | Received a gift from Okawaru
 11642 | Lair:3   | Noticed an eight-headed hydra
 11654 | Lair:3   | Killed a 15-headed hydra
 11654 | Lair:3   | Received a gift from Okawaru
 11805 | Lair:3   | Reached skill level 16 in Shields
 11927 | Lair:3   | Reached XP level 13. HP: 107/107 MP: 13/13
 12126 | Lair:3   | Found a staircase to the Snake Pit.
 12539 | Lair:4   | Reached skill level 4 in Dodging
 12619 | Lair:4   | Reached skill level 9 in Fighting
 12807 | Lair:4   | Received a gift from Okawaru
 12834 | Lair:4   | Reached skill level 5 in Dodging
 13122 | Lair:4   | You fall into a shaft and drop 1 floor!
 13122 | Lair:5   | Entered Level 5 of the Lair of Beasts
 13641 | Lair:5   | Found a frozen archway.
 13668 | Lair:5   | Reached skill level 10 in Fighting
 13674 | Lair:5   | Reached skill level 6 in Dodging
 13688 | IceCv    | Entered an ice cave
 14078 | IceCv    | Reached skill level 7 in Dodging
 14246 | IceCv    | Noticed a reaper
 14275 | IceCv    | Killed a reaper
 14340 | IceCv    | You pick up a book of the Tundra and begin reading...
 14532 | Lair:5   | Received a gift from Okawaru
 14539 | Lair:5   | Reached skill level 8 in Dodging
 14585 | Lair:5   | You pick up a book of Death and begin reading...
 14602 | Lair:5   | Reached skill level 1 in Invocations
 14666 | Lair:5   | Reached skill level 1 in Evocations
 14686 | Lair:5   | Reached skill level 2 in Invocations
 14690 | Lair:5   | Reached skill level 2 in Evocations
 14711 | Lair:5   | Reached skill level 3 in Invocations
 14716 | Lair:5   | Reached skill level 3 in Evocations
 14906 | Lair:5   | Found a staircase to the Slime Pits.
 14946 | Lair:5   | Reached skill level 4 in Invocations
 14949 | Lair:5   | Reached skill level 4 in Evocations
 14953 | Lair:5   | Received a gift from Okawaru
 14959 | Lair:5   | Reached XP level 14. HP: 118/121 MP: 15/17
 15309 | Lair:5   | Reached skill level 5 in Invocations
 15311 | Lair:5   | Reached skill level 5 in Evocations
 15617 | Lair:5   | Received a gift from Okawaru
 15618 | Lair:5   | Reached skill level 6 in Invocations
 15618 | Lair:5   | Reached skill level 6 in Evocations
 16061 | D:11     | Reached skill level 7 in Invocations
 16087 | D:11     | Reached skill level 7 in Evocations
 16363 | D:11     | Reached skill level 8 in Invocations
 16378 | D:11     | Reached skill level 8 in Evocations
 16416 | D:11     | Found the +8 Vampire's Tooth {megavamp}
 16435 | D:11     | Received a gift from Okawaru
 16451 | D:11     | Identified the ring "Unojofro" {rF+ Dex+4}
 16495 | D:11     | You pick up a book of the Dragon and begin reading...
 16495 | D:11     | You add the spells Cause Fear and Fireball to your library.
 16528 | D:11     | Reached skill level 9 in Invocations
 16528 | D:11     | Reached skill level 9 in Evocations
 16593 | D:11     | Found a staircase to the Orcish Mines.
 16886 | D:11     | You pick up a book of Party Tricks and begin reading...
 16886 | D:11     | You add the spells Apportation, Jinxbite and Alistair's
                  | Intoxication to your library.
 17214 | D:12     | You pick up a book of Dreams and begin reading...
 17214 | D:12     | You add the spells Ensorcelled Hibernation and Anguish to
                  | your library.
 17218 | D:12     | Learned a level 2 spell: Wereblood
 17420 | D:12     | Reached skill level 1 in Transmutations
 17960 | Orc:1    | Entered Level 1 of the Orcish Mines
 17962 | Orc:1    | Noticed Nergalle
 17995 | D:11     | Killed Nergalle
 18115 | Orc:1    | Received a gift from Okawaru
 18217 | Orc:1    | Found Vivvouf's Mayhem Merchandise.
 18253 | Orc:1    | Reached skill level 2 in Transmutations
 18740 | Orc:2    | Entered Level 2 of the Orcish Mines
 19114 | Orc:2    | Found Rucoecac's General Store.
 19115 | Orc:2    | Found Qaisa's General Store.
 19352 | Orc:2    | Reached XP level 15. HP: 117/126 MP: 19/22
 19357 | Orc:2    | Reached skill level 3 in Transmutations
 19373 | Orc:2    | Bought a potion of heal wounds for 80 gold pieces
 19373 | Orc:2    | Bought a scroll of teleportation for 48 gold pieces
 19373 | Orc:2    | Bought a scroll of teleportation for 48 gold pieces
 19375 | Orc:2    | Bought a scroll of identify for 26 gold pieces
 19503 | Orc:2    | Reached skill level 10 in Invocations
 19503 | Orc:2    | Reached skill level 10 in Evocations
 19522 | Orc:2    | Reached skill level 4 in Transmutations
 19681 | Orc:2    | Reached skill level 5 in Transmutations
 19683 | Orc:2    | Received a gift from Okawaru
 19738 | Orc:2    | Reached skill level 6 in Transmutations
 19744 | Orc:2    | Reached skill level 1 in Stealth
 19748 | Orc:2    | Found Nefoiw's Antique Armour Shop.
 19748 | Orc:2    | Found Petselur's Jewellery Boutique.
 19748 | Orc:2    | Found a one-way gate leading to the halls of Pandemonium.
 19755 | Orc:2    | Reached skill level 2 in Stealth
 19757 | Orc:2    | Bought a pair of embroidered gloves for 180 gold pieces
 19849 | Orc:2    | Reached skill level 3 in Stealth
 19934 | Orc:2    | Found a staircase to the Elven Halls.
 20216 | Orc:2    | You drop a +0 crystal plate armour {rare=g}.
 20489 | D:13     | Reached skill level 4 in Stealth
 20797 | D:13     | Noticed Snorg
 20809 | D:13     | Killed Snorg
 20865 | D:13     | Received a gift from Okawaru
 20866 | D:13     | Reached skill level 5 in Stealth
 21429 | D:14     | Found a portal to a secret trove of treasure.
 21472 | D:14     | Found a glowing silver altar of Zin.
 21512 | D:14     | Reached skill level 6 in Stealth
 21633 | D:14     | Received a gift from Okawaru
 21675 | D:14     | Found a gate to the Vaults.
 21900 | D:14     | Reached skill level 11 in Fighting
 21904 | D:14     | Reached skill level 9 in Dodging
 22603 | D:15     | Entered Level 15 of the Dungeon
 22604 | D:15     | Found Wiokhlah's Weapon Shop.
 22635 | D:15     | Found a flickering gateway to a bazaar.
 22641 | Bazaar   | Entered a bazaar
 22641 | Bazaar   | Found Ebimonyt's Antique Armour Boutique.
 22661 | Bazaar   | Found Ihuorr Soaz's General Store.
 22672 | Bazaar   | Found Lodwawau's Magic Scroll Boutique.
 22683 | Bazaar   | Found Sere Ixt's Book Emporium.
 22691 | Bazaar   | Found Litezu's Antique Weapon Emporium.
 22725 | Bazaar   | Bought a scroll of enchant weapon for 75 gold pieces
 22725 | Bazaar   | Bought a scroll of fear for 40 gold pieces
 22725 | Bazaar   | Bought a scroll of immolation for 40 gold pieces
 22725 | Bazaar   | Bought a scroll of identify for 20 gold pieces
 22725 | Bazaar   | Bought a scroll of identify for 20 gold pieces
 22725 | Bazaar   | Bought a scroll of identify for 20 gold pieces
 22790 | D:15     | Received a gift from Okawaru
 22866 | D:15     | Found a staircase to the Depths.
 23010 | D:15     | Reached XP level 16. HP: 139/139 MP: 23/23
 23192 | D:15     | Found Pura's Magic Scroll Shoppe.
 23275 | D:15     | Found Cevi's Weapon Emporium.
 23364 | D:15     | Found Mebizaumm's Assorted Antiques.
 23371 | D:15     | Bought a potion of heal wounds for 165 gold pieces
 23371 | D:15     | Bought a scroll of enchant weapon for 247 gold pieces
 23410 | D:15     | Reached skill level 12 in Fighting
 23494 | D:15     | Received a gift from Okawaru
 23501 | D:15     | Reached skill level 10 in Dodging
 24182 | Snake:1  | Entered Level 1 of the Snake Pit
 24871 | Snake:1  | Reached skill level 13 in Fighting
 24966 | Snake:2  | Reached skill level 11 in Dodging
 24986 | Snake:2  | Received a gift from Okawaru
 25238 | Snake:2  | Reached skill level 14 in Fighting
 25378 | Snake:2  | You add the spells Borgnjor's Vile Clutch and Eringya's
                  | Noxious Bog to your library.
 25924 | Snake:3  | Received a gift from Okawaru
 25934 | Snake:3  | Reached skill level 12 in Dodging
 25947 | Snake:3  | You pick up a book of Fire and begin reading...
 25947 | Snake:3  | You add the spells Foxfire, Plasma Beam and Starburst to
                  | your library.
 26285 | Snake:3  | Noticed Saint Roka
 26351 | Snake:3  | Killed Saint Roka
 26352 | Snake:3  | Reached XP level 17. HP: 77/154 MP: 19/24
 26554 | Snake:3  | Identified a scroll of acquirement
 26555 | Snake:3  | Acquired a +1 demon blade of venom
 26566 | Snake:3  | Noticed Mlioglotl
 26581 | Snake:3  | Noticed an ancient lich
 26582 | Snake:3  | Killed Mlioglotl
 26601 | Snake:3  | Reached skill level 15 in Fighting
 26760 | Snake:3  | You pick up a book of Cantrips and begin reading...
 26946 | Snake:4  | Entered Level 4 of the Snake Pit
 27089 | Snake:4  | Received a gift from Okawaru
 27347 | Snake:4  | Reached skill level 13 in Dodging
 27807 | Snake:4  | Reached skill level 16 in Fighting
 27916 | Snake:4  | Received a gift from Okawaru
 28125 | Snake:4  | Got a serpentine rune of Zot
 28322 | Snake:4  | Reached skill level 14 in Dodging
 28536 | Snake:4  | Received a gift from Okawaru
 28983 | Snake:4  | Found Bilitin's Assorted Antiques.
 29772 | Elf:1    | Entered Level 1 of the Elven Halls
 29796 | Elf:1    | Found Ton Ogist's Assorted Antiques.
 29834 | Elf:1    | Noticed Louise
 29853 | Elf:1    | Killed Louise
 29858 | Elf:1    | Reached skill level 17 in Shields
 29868 | Elf:1    | You pick up a book of Weapons and begin reading...
 29882 | Elf:1    | Found Misit's Jewellery Shoppe.
 29964 | Elf:1    | Received a gift from Okawaru
 29969 | Elf:1    | Reached XP level 18. HP: 162/167 MP: 22/25
 30405 | Elf:1    | Reached skill level 18 in Shields
 30782 | Elf:2    | Received a gift from Okawaru
 31073 | Elf:2    | You pick up a book of Weapons and begin reading...
 31339 | Elf:2    | Reached skill level 19 in Shields
 31341 | Elf:2    | Found a runed translucent gate.
 31353 | Elf:2    | Found a runed translucent gate.
 31353 | Elf:2    | Found a runed translucent gate.
 31524 | Elf:3    | Entered Level 3 of the Elven Halls
 32057 | Elf:3    | Reached skill level 20 in Shields
 32346 | Elf:3    | Noticed an Ice Fiend
 32346 | Elf:3    | You are cast into the Abyss!
 32346 | Abyss:2  | Cast into level 2 of the Abyss (a deep elf demonologist)
 32484 | Abyss:2  | Found a corrupted altar of Lugonu.
 32492 | Abyss:2  | Found a corrupted altar of Lugonu.
 32492 | Abyss:2  | Found a corrupted altar of Lugonu.
 32530 | Abyss:2  | Reached skill level 17 in Fighting
 32799 | Abyss:3  | Reached XP level 19. HP: 159/177 MP: 26/26
 32810 | Abyss:3  | Paralysed by you for 3 turns
 32814 | Abyss:3  | HP: 41/177 [??? (39)]
 32929 | Elf:3    | You pass through the gate.
 32929 | Elf:3    | Escaped the Abyss
 33176 | Elf:3    | Identified the ring of Foolhardiness {Fly rC+ Str-4 Dex+2}
 33227 | Elf:3    | a deep elf death mage comes into view. It is wielding the
                  | +7 Spriggan's Knife {stab, EV+4 Stlth+}.
 33389 | Elf:3    | Identified the +0 plate armour of Fallacy {Int+6}
 33515 | Elf:3    | Reached skill level 18 in Fighting
 33728 | Elf:3    | Identified the +0 cloak "Zaiseraoj" {rN+}
 33774 | Elf:3    | You pick up a book of Armaments and begin reading...
 33774 | Elf:3    | You add the spells Stone Arrow and Lehudib's Crystal Spear
                  | to your library.
 33777 | Elf:3    | Identified the amulet of Mirth {Reflect Harm Rampage SH+5}
 33783 | Elf:3    | Identified the +2 dagger of the Final Decision {freeze,
                  | rCorr}
 33799 | Elf:3    | Identified the +9 rapier of Butchery {spect, Stlth+}
 33880 | Elf:3    | You pick up a book of Beasts and begin reading...
 33883 | Elf:3    | You pick up a book of Death and begin reading...
 33924 | Elf:3    | You pick up a book of Winter and begin reading...
 33924 | Elf:3    | You add the spells Ozocubu's Armour and Metabolic
                  | Englaciation to your library.
 34222 | Vaults:1 | Entered Level 1 of the Vaults
 34310 | Vaults:1 | You pick up a book of Blood and begin reading...
 34377 | Vaults:1 | Reached skill level 7 in Transmutations
 34575 | Vaults:1 | Reached skill level 8 in Transmutations
 34746 | Vaults:1 | Received a gift from Okawaru
 35011 | Vaults:1 | Reached skill level 9 in Transmutations
 35022 | Vaults:1 | You pick up a book of Decay and begin reading...
 35246 | Vaults:1 | Reached skill level 10 in Transmutations
 35250 | Vaults:1 | Reached skill level 1 in Spellcasting
 35464 | Vaults:1 | Reached skill level 2 in Spellcasting
 35543 | Vaults:1 | Reached skill level 3 in Spellcasting
 35899 | Vaults:2 | Received a gift from Okawaru
 35913 | Vaults:1 | Reached skill level 4 in Spellcasting
 36147 | Vaults:2 | Found a white marble altar of Elyvilon.
 36147 | Vaults:2 | Found a glowing silver altar of Zin.
 36147 | Vaults:2 | Found a crumbling gateway.
 36203 | Vaults:2 | Found a glowing golden altar of the Shining One.
 36210 | Desolati | Entered the Desolation of Salt
 36408 | Desolati | Got a vibrant book
 36412 | Desolati | Identified the ring of Jaesma {rN+ Stlth+}
 36632 | Desolati | Reached skill level 21 in Shields
 36655 | Desolati | Identified the +9 flail of Cuwyhupn {drain, Int+3}
 36670 | Desolati | Reached XP level 20. HP: 99/187 MP: 21/27
 36846 | Desolati | Got a vibrant book
 36848 | Desolati | You add the spells Arcjolt and Conjure Ball Lightning to
                  | your library.
 36848 | Desolati | Got a dog-eared book
 37151 | Desolati | Identified the ring "Dacosa" {rF+ Int+4}
 37266 | Desolati | Found the +9 sword of Zonguldrok {reap}
 37321 | Desolati | Got a resplendent book
 37327 | Desolati | You pick up a book of Death and begin reading...
 37687 | Vaults:2 | Reached skill level 22 in Shields
 38222 | Vaults:2 | HP: 45/189 [frost giant/+0 battleaxe of freezing (15)]
 38887 | Vaults:2 | Reached skill level 19 in Fighting
 38904 | Vaults:2 | HP: 44/191 [yaktaur captain (15)]
 38916 | Vaults:2 | HP: 43/191 [yaktaur captain (8)]
 39276 | Vaults:2 | You pick up a book of Death and begin reading...
 39321 | Vaults:2 | Received a gift from Okawaru
 40085 | Temple   | Fell from the grace of Okawaru
 40085 | Temple   | Became a worshipper of Makhleb the Destroyer
 40495 | Swamp:1  | Entered Level 1 of the Swamp
 40799 | Swamp:1  | Noticed Kirke
 40812 | Swamp:1  | Killed Kirke
 41254 | Swamp:1  | Reached skill level 20 in Fighting
 41280 | Swamp:1  | Reached * piety under Makhleb
 41611 | Swamp:1  | magus.rc [v1.9.6]
 43193 | Swamp:3  | Reached ** piety under Makhleb
 43320 | Swamp:3  | You pick up a book of Geomancy and begin reading...
 43320 | Swamp:3  | You add the spells Sandblast, Passwall and Brom's
                  | Barrelling Boulder to your library.
 43694 | Swamp:3  | Reached XP level 21. HP: 201/201 MP: 28/28
 43704 | Swamp:3  | You pick up a book of Debilitation and begin reading...
 43704 | Swamp:3  | You add the spells Slow, Sigil of Binding and Vampiric
                  | Draining to your library.
 43829 | Swamp:4  | Entered Level 4 of the Swamp
 44186 | Swamp:4  | Paralysed by a fenstrider witch for 5 turns
 44238 | Swamp:4  | Reached skill level 15 in Dodging
 44285 | Swamp:4  | Reached *** piety under Makhleb
 44469 | Swamp:4  | Got a decaying rune of Zot
 44523 | Swamp:4  | Reached **** piety under Makhleb
 44728 | Swamp:4  | You add the spells Gell's Gravitas and Teleport Other to
                  | your library.
 45220 | Vaults:3 | Reached skill level 16 in Dodging
 45293 | Vaults:3 | You pick up a book of Misfortune and begin reading...
 45293 | Vaults:3 | You add the spells Inner Flame, Yara's Violent Unravelling
                  | and Enfeeble to your library.
 45323 | Vaults:3 | Learned a level 5 spell: Yara's Violent Unravelling
 45476 | Vaults:3 | Reached ***** piety under Makhleb
 45791 | Vaults:3 | You pick up a book of the Moon and begin reading...
 45791 | Vaults:3 | You add the spells Passage of Golubria and Silence to your
                  | library.
 46017 | Vaults:3 | Reached skill level 17 in Dodging
 46244 | Vaults:3 | Found a staircase to the Crypt.
 46975 | Vaults:3 | You pick up a book of Minor Magic and begin reading...
 46975 | Vaults:3 | You add the spells Magic Dart and Call Imp to your library.
 47366 | Vaults:4 | Reached skill level 18 in Dodging
 48336 | Vaults:4 | You pick up a book of Blasting and begin reading...
 48460 | Vaults:4 | Reached XP level 22. HP: 205/209 MP: 27/29
 48539 | Vaults:4 | Reached ****** piety under Makhleb
 48907 | Vaults:4 | Reached skill level 19 in Dodging
 49344 | Depths:1 | Entered Level 1 of the Depths
 49345 | Depths:1 | Noticed Aizul
 49385 | Depths:1 | Killed Aizul
 49425 | Depths:1 | Found a magical portal.
 49432 | WizLab   | Entered Lehudib's Moon Base
 49694 | WizLab   | quicksilver dragon scales {rare}; a quicksilver dragon
                  | corpse
 49699 | WizLab   | You pick up a book of Weapons and begin reading...
 49998 | WizLab   | Reached skill level 20 in Dodging
 50001 | WizLab   | Identified the ring "Oghauck" {Fire Str+2 Int+3 SInv}
 50146 | WizLab   | Reached skill level 1 in Shapeshifting
 50177 | WizLab   | Reached skill level 2 in Shapeshifting
 50190 | WizLab   | Reached skill level 3 in Shapeshifting
 50388 | WizLab   | Reached skill level 4 in Shapeshifting
 50547 | WizLab   | Found a transporter.
 50610 | WizLab   | Found a transporter.
 50618 | WizLab   | Reached skill level 5 in Shapeshifting
 50721 | WizLab   | a moon troll comes into view. It is wearing the +5 moon
                  | troll leather armour {Spirit, Regen++ MP+5}.
 50765 | WizLab   | Here: a moon troll, wearing the +5 moon troll leather
                  | armour {Spirit, Regen++ MP+5} (almost dead, lightly
                  | drained)
 50765 | WizLab   | Here: a moon troll, wearing the +5 moon troll leather
                  | armour {Spirit, Regen++ MP+5} (almost dead, lightly
                  | drained)
 50890 | WizLab   | You pick up a book of Flames and begin reading...
 50902 | WizLab   | Identified the +6 chain mail of Spaghetti {rN+ Dex+6}
 50984 | D:14     | You paid a toll of a +5 demon whip to enter a treasure
                  | trove
 50985 | Trove    | Entered a treasure trove
 50991 | Trove    | Identified the +2 cloak "Fobabir" {rC+ rN++}
 50999 | Trove    | Found the +3 pair of mountain boots {steadfast, rC+}
 51009 | Trove    | Identified the -1 pair of gloves of Geoges {rF+ Str+2
                  | Int+5}
 51045 | Trove    | Identified the +1 helmet of Happy Babbling {Rampage rPois
                  | rF+}
 51563 | Depths:1 | Noticed Agnes
 51564 | Depths:1 | Noticed Asterion
 51583 | Depths:1 | Killed Agnes
 51588 | Depths:1 | Killed Asterion
 51589 | Depths:1 | Reached skill level 6 in Shapeshifting
 51898 | Depths:1 | Found a gateway to Hell.
 51929 | Depths:1 | Was forgiven by Okawaru
 52137 | Depths:1 | Reached skill level 7 in Shapeshifting
 52987 | Depths:2 | Reached skill level 8 in Shapeshifting
 53314 | Depths:2 | Reached skill level 9 in Shapeshifting
 53426 | Depths:2 | Reached XP level 23. HP: 210/215 MP: 30/30
 53534 | Depths:2 | Reached skill level 10 in Shapeshifting
 53647 | Depths:2 | You pick up a book of Annihilations and begin reading...
 53647 | Depths:2 | You add the spells Chain Lightning, Fire Storm and Shatter
                  | to your library.
 53753 | Depths:2 | Found a hide-covered altar of Uskayaw.
 54003 | Depths:2 | You pick up a book of Sloth and begin reading...
 54564 | Depths:3 | Reached skill level 11 in Shapeshifting
 54581 | Depths:3 | +0 storm dragon scales {rare}; a storm dragon corpse
 54633 | Depths:3 | Found a one-way gateway to a ziggurat.
 54832 | Depths:3 | Noticed Jory
 54858 | Depths:3 | Killed Jory
 55022 | Depths:3 | Identified the +0 robe "Hettueqap" {Dex+2}
 55031 | Depths:3 | Reached skill level 12 in Shapeshifting
 55302 | Depths:3 | Found a one-way gate to the infinite horrors of the Abyss.
 55484 | Depths:4 | Entered Level 4 of the Depths
 55513 | Depths:4 | Identified +7 gold dragon scales
 55513 | Depths:4 | Noticed Parghit
 55668 | Depths:4 | Noticed a caustic shrike
 55686 | Depths:3 | Killed a caustic shrike
 55687 | Depths:3 | Reached skill level 13 in Shapeshifting
 55793 | Depths:4 | Noticed a caustic shrike
 55794 | Depths:4 | Noticed a caustic shrike
 55811 | Depths:3 | Killed a caustic shrike
 55816 | Depths:4 | Noticed a caustic shrike
 55816 | Depths:4 | Noticed a caustic shrike
 55827 | Depths:3 | Killed a caustic shrike
 56265 | Depths:3 | Killed Parghit
 56289 | Depths:3 | Killed a caustic shrike
 56345 | Depths:3 | Killed a caustic shrike
 56533 | Depths:4 | Reached skill level 14 in Shapeshifting
 56769 | Depths:4 | Found a shadowy altar of Dithmenos.
 56833 | Depths:4 | Found Ysat's Magic Scroll Boutique.
 56841 | Depths:4 | Bought a scroll of revelation for 90 gold pieces
 56841 | Depths:4 | Bought a scroll of revelation for 90 gold pieces
 56841 | Depths:4 | Bought a scroll of summoning for 114 gold pieces
 56841 | Depths:4 | Bought a scroll of teleportation for 36 gold pieces
 56841 | Depths:4 | Bought a scroll of immolation for 48 gold pieces
 56915 | Depths:4 | Found the ring of Shadows {Umbra +Inv Stlth+}
 56951 | Depths:4 | You pick up a book of Scorching and begin reading...
 56951 | Depths:4 | You add the spells Scorch and Summon Cactus Giant to your
                  | library.
 57106 | Depths:4 | Reached skill level 15 in Shapeshifting
 57106 | Depths:4 | Found a gate to the Realm of Zot.
 57691 | Vaults:5 | Entered Level 5 of the Vaults
 57700 | Vaults:5 | Reached XP level 24. HP: 224/224 MP: 29/30
 57704 | Vaults:5 | Identified +0 gold dragon scales
 57706 | Vaults:5 | You are cast into the Abyss!
 57706 | Abyss:3  | Found a corrupted altar of Lugonu.
 57706 | Abyss:3  | Cast into level 3 of the Abyss (a deep elf demonologist)
 57722 | Abyss:3  | Reached skill level 16 in Shapeshifting
 58058 | Abyss:3  | Paralysed by accursed screaming for 1 turns
 58079 | Abyss:3  | Got an abyssal rune of Zot
 58095 | Vaults:5 | You pass through the gate.
 58095 | Vaults:5 | Escaped the Abyss
 58217 | Vaults:4 | Reached skill level 17 in Shapeshifting
 58507 | Vaults:5 | Noticed an ancient lich
 58542 | Vaults:4 | Killed an ancient lich
 59145 | Vaults:5 | Reached skill level 18 in Shapeshifting
 59431 | Vaults:5 | Found the +2 hat of the Bear Spirit {Spirit, Bear, *Rage
                  | Will++}
 59432 | Vaults:5 | Found Todwaq's Antique Weapon Shoppe.
 59456 | Vaults:5 | You pick up a book of Misfortune and begin reading...
 59461 | Vaults:5 | Got a glossy book
 59463 | Vaults:5 | Got a murmuring book
 59470 | Vaults:5 | Identified the +0 scale mail "Sokhlel" {Int+4}
 59581 | Vaults:5 | Noticed an ancient lich
 59597 | Vaults:5 | Killed an ancient lich
 59649 | Vaults:5 | Noticed an ancient lich
 59661 | Vaults:5 | Killed an ancient lich
 59698 | Vaults:5 | Reached skill level 19 in Shapeshifting
 59743 | Vaults:5 | You pick up a book of Misfortune and begin reading...
 59875 | Vaults:5 | Noticed a caustic shrike
 59876 | Vaults:5 | a caustic shrike changed into a golden dragon
 59880 | Vaults:5 | an iron giant changed into a caustic shrike
 59880 | Vaults:5 | Noticed a caustic shrike (glowing shapeshifter)
 59885 | Vaults:5 | Killed a caustic shrike
 60252 | Vaults:5 | You pick up a book of the Warp and begin reading...
 60254 | Vaults:5 | Identified the +5 orcbow of Poverty {freeze, Dex+3}
 60314 | Vaults:5 | You pick up a book of the Tundra and begin reading...
 60433 | Vaults:5 | You pick up a book of Geomancy and begin reading...
 60460 | Vaults:5 | Got a silver rune of Zot
 60475 | Vaults:5 | Identified +1 pearl dragon scales
 60476 | Vaults:5 | l - +1 pearl dragon scales {rare=g}
 60480 | Vaults:5 | You add the spells Static Discharge, Dazzling Flash and
                  | Freezing Cloud to your library.
 60480 | Vaults:5 | Got an illuminated book
 60944 | Zot:1    | Entered Level 1 of the Realm of Zot
 61093 | Zot:1    | Noticed an orb of fire
 61107 | Zot:1    | Killed an orb of fire
 61112 | Zot:1    | Identified +0 gold dragon scales
 61270 | Zot:1    | Noticed a curse toe
 61283 | Zot:1    | Killed a curse toe
 61314 | Zot:1    | Reached skill level 20 in Shapeshifting
 61322 | Zot:1    | Reached XP level 25. HP: 231/231 MP: 30/30
 62700 | Zot:2    | Noticed an electric golem
 62717 | Zot:2    | Killed an electric golem
 62733 | Zot:2    | You pick up a book of Iron and begin reading...
 62733 | Zot:2    | You add the spells Summon Lightning Spire and Lee's Rapid
                  | Deconstruction to your library.
 62741 | Zot:2    | Reached skill level 21 in Shapeshifting
 62914 | Zot:2    | Identified +0 gold dragon scales
 62993 | Zot:2    | Identified +0 gold dragon scales
 63389 | Zot:3    | a +0 battleaxe {axe}; +0 storm dragon scales {rare}; a
                  | black draconian corpse
 63406 | Zot:3    | Identified +0 gold dragon scales
 63560 | Zot:3    | Noticed a dread lich
 63569 | Zot:3    | Killed a dread lich
 63634 | Zot:3    | Paralysed by a floating eye for 4 turns
 63656 | Zot:3    | Noticed a dread lich
 63657 | Zot:3    | Noticed a curse toe
 63658 | Zot:3    | Noticed a dread lich
 63677 | Zot:3    | Paralysed by a floating eye for 4 turns
 63689 | Zot:3    | Killed a dread lich
 64007 | Zot:3    | Noticed a Killer Klown
 64016 | Zot:3    | Noticed a curse toe
 64075 | Zot:3    | Killed a curse toe
 64087 | Zot:3    | Reached skill level 22 in Shapeshifting
 64139 | Zot:3    | Killed a curse toe
 64148 | Zot:3    | Killed a Killer Klown
 64204 | Zot:3    | Killed a dread lich
 64219 | Zot:3    | Noticed an electric golem
 64240 | Zot:3    | Killed an electric golem
 64400 | Zot:3    | You pick up a book of the Tundra and begin reading...
 64404 | Zot:3    | You pick up a book of Ice and begin reading...
 64407 | Zot:3    | Got a moldy book
 65209 | Zot:4    | Identified the +0 chain mail of Wu Jian's Generosity {rC+
                  | rN+ Will+ Regen+}
 65500 | Zot:4    | Found a huge runed gate.
 65500 | Zot:4    | Found a huge runed gate.
 65696 | Zot:4    | Reached skill level 23 in Shapeshifting
 65852 | Zot:4    | You drop +1 pearl dragon scales {rare=g}.
 65854 | Zot:4    | l - +1 pearl dragon scales {rare=g}
 65955 | Zot:4    | Found a huge runed gate.
 65955 | Zot:4    | Found a huge runed gate.
 65955 | Zot:4    | Found a huge runed gate.
 65956 | Zot:4    | Found a huge runed gate.
 65956 | Zot:4    | Found a huge runed gate.
 65956 | Zot:4    | Found a huge runed gate.
 65956 | Zot:4    | Found a huge runed gate.
 65956 | Zot:4    | Found a huge runed gate.
 65957 | Zot:4    | Found a huge runed gate.
 65957 | Zot:4    | Found a huge runed gate.
 65958 | Zot:4    | Found a huge runed gate.
 65959 | Zot:4    | Found a huge runed gate.
 65960 | Zot:4    | Found a huge runed gate.
 65961 | Zot:4    | Found a huge runed gate.
 65962 | Zot:4    | Found a huge runed gate.
 65971 | Zot:4    | Found a huge runed gate.
 65971 | Zot:4    | Found a huge runed gate.
 65974 | Zot:4    | Found a huge runed gate.
 65975 | Zot:4    | Found a huge runed gate.
 66048 | Zot:4    | Found a huge runed gate.
 66049 | Zot:4    | Found a huge runed gate.
 66050 | Zot:4    | Found a huge runed gate.
 66051 | Zot:4    | Found a huge runed gate.
 66052 | Zot:4    | Found a huge runed gate.
 66060 | Zot:4    | Found a huge runed gate.
 66060 | Zot:4    | Found a huge runed gate.
 66060 | Zot:4    | Found a huge runed gate.
 66060 | Zot:4    | Found a huge runed gate.
 66060 | Zot:4    | Found a huge runed gate.
 66060 | Zot:4    | Found a huge runed gate.
 66061 | Zot:4    | Found a huge runed gate.
 66062 | Zot:4    | Found a huge runed gate.
 66063 | Zot:4    | Found a huge runed gate.
 66071 | Zot:4    | Found a huge runed gate.
 67282 | Zot:5    | Entered Level 5 of the Realm of Zot
 67564 | Zot:5    | Reached skill level 15 in Long Blades
 67644 | Zot:5    | Noticed a dread lich
 67678 | Zot:5    | Killed a dread lich
 67715 | Zot:5    | Reached XP level 26. HP: 239/239 MP: 30/30
 67729 | Zot:5    | Noticed an electric golem
 67730 | Zot:5    | Noticed an orb of fire
 67731 | Zot:5    | Noticed an orb of fire
 67736 | Zot:5    | Noticed an orb of fire
 67736 | Zot:5    | Noticed an orb of fire
 67748 | Zot:5    | Noticed a dread lich
 67964 | Zot:4    | Killed a dread lich
 67965 | Zot:4    | Reached skill level 16 in Long Blades
 68131 | Depths:4 | Bought a scroll of brand weapon for 114 gold pieces
 68136 | Depths:4 | You drop +1 pearl dragon scales {rare=g}.
 68348 | Zot:5    | Killed an orb of fire
 68700 | Zot:5    | HP: 54/239 [yellow draconian/glob of acid[a white draconian
                  | stormcaller] (18)]
 68947 | Zot:5    | Killed an orb of fire
 68967 | Zot:5    | Noticed an orb of fire
 68974 | Zot:5    | Noticed an orb of fire
 68982 | Zot:5    | Killed an electric golem
 68999 | Zot:5    | Killed an orb of fire
 69000 | Zot:5    | Reached skill level 23 in Shields
 69008 | Zot:5    | HP: 57/240 [orb of fire/fireball (14)]
 69010 | Zot:5    | Killed an orb of fire
 69011 | Zot:5    | Killed an orb of fire
 69348 | Zot:5    | Noticed an orb of fire
 69357 | Zot:5    | Noticed an orb of fire
 69377 | Zot:5    | Noticed an orb of fire
 69379 | Zot:5    | Noticed an electric golem
 69702 | Zot:4    | Killed an orb of fire
 69886 | Zot:5    | Killed an orb of fire
 70000 | Zot:5    | Killed an orb of fire
 70001 | Zot:5    | Reached skill level 21 in Fighting
 70025 | Zot:5    | Killed an orb of fire
 70213 | Zot:5    | Reached skill level 24 in Shields
 70496 | Zot:5    | Killed an electric golem
 70659 | Zot:5    | +0 shadow dragon scales {rare}; a +0 hand axe {axe}
 70988 | Slime:1  | Entered Level 1 of the Pits of Slime
 71199 | Lair:5   | Lost mutation: You have sharp fingernails. [potion of
                  | mutation]
 71199 | Lair:5   | Lost mutation: You are somewhat resistant to further
                  | mutation. [potion of mutation]
 71199 | Lair:5   | Gained mutation: Your skin changes colour to match your
                  | surroundings (Stealth+). [potion of mutation]
 71199 | Lair:5   | Gained mutation: You sometimes lose your temper in combat.
                  | [potion of mutation]
 71199 | Lair:5   | Gained mutation: You expend magic power (3 MP) to
                  | strengthen your wands. [potion of mutation]
 71200 | Lair:5   | Lost mutation: Your skin changes colour to match your
                  | surroundings (Stealth+). [potion of mutation]
 71200 | Lair:5   | Lost mutation: You expend magic power (3 MP) to strengthen
                  | your wands. [potion of mutation]
 71200 | Lair:5   | Gained mutation: You are weak. (Str -2) [potion of
                  | mutation]
 71200 | Lair:5   | Gained mutation: Your system is resistant to poisons.
                  | (rPois) [potion of mutation]
 71200 | Lair:5   | Gained mutation: You expend magic power (3 MP) to
                  | strengthen your wands. [potion of mutation]
 71201 | Lair:5   | Lost mutation: You sometimes lose your temper in combat.
                  | [potion of mutation]
 71201 | Lair:5   | Lost mutation: You expend magic power (3 MP) to strengthen
                  | your wands. [potion of mutation]
 71201 | Lair:5   | Gained mutation: Your magical capacity is low. (-10% MP)
                  | [potion of mutation]
 71202 | Lair:5   | Lost mutation: You are weak. (Str -2) [potion of mutation]
 71202 | Lair:5   | Lost mutation: Your system is resistant to poisons. (rPois)
                  | [potion of mutation]
 71202 | Lair:5   | Lost mutation: Your magical capacity is low. (-10% MP)
                  | [potion of mutation]
 71202 | Lair:5   | Gained mutation: You have sharp toenails. [potion of
                  | mutation]
 71203 | Lair:5   | Lost mutation: You have sharp toenails. [potion of
                  | mutation]
 71203 | Lair:5   | Gained mutation: Your natural rate of healing is unusually
                  | fast. [potion of mutation]
 71203 | Lair:5   | Gained mutation: You heal very quickly. [potion of
                  | mutation]
 71203 | Lair:5   | Gained mutation: You are vulnerable to heat. (rF-) [potion
                  | of mutation]
 71203 | Lair:5   | Gained mutation: You have large cloven feet. [potion of
                  | mutation]
 71204 | Lair:5   | Lost mutation: You heal very quickly. [potion of mutation]
 71204 | Lair:5   | Lost mutation: You are vulnerable to heat. (rF-) [potion of
                  | mutation]
 71204 | Lair:5   | Gained mutation: You are vulnerable to cold. (rC-) [potion
                  | of mutation]
 71204 | Lair:5   | Gained mutation: Your muscles are strong. (Str +4, Int/Dex
                  | -1) [potion of mutation]
 71205 | Lair:5   | Lost mutation: Your natural rate of healing is unusually
                  | fast. [potion of mutation]
 71205 | Lair:5   | Lost mutation: Your muscles are strong. (Str +4, Int/Dex
                  | -1) [potion of mutation]
 71205 | Lair:5   | Gained mutation: Your flesh is heat resistant. (rF+)
                  | [potion of mutation]
 71205 | Lair:5   | Gained mutation: You have hoof-like feet. [potion of
                  | mutation]
 71206 | Lair:5   | Lost mutation: Your flesh is heat resistant. (rF+) [potion
                  | of mutation]
 71206 | Lair:5   | Lost mutation: You have hoof-like feet. [potion of
                  | mutation]
 71206 | Lair:5   | Gained mutation: You are agile. (Dex +4, Str/Int -1)
                  | [potion of mutation]
 71206 | Lair:5   | Gained mutation: Your tail ends in a venomous barb. [potion
                  | of mutation]
 71335 | Slime:4  | Noticed Dissolution
 71345 | Slime:4  | Paralysed by a floating eye for 2 turns
 71355 | Slime:4  | Killed Dissolution
 71540 | Slime:5  | Entered Level 5 of the Pits of Slime
 71580 | Slime:5  | Reached skill level 22 in Fighting
 71588 | Slime:5  | Reached skill level 25 in Shields
 71598 | Slime:5  | Noticed the Royal Jelly
 71631 | Slime:5  | HP: 60/246 [acid blob/splash of acid[the Royal Jelly] (18)]
 72551 | Slime:5  | Found a viscous altar of Jiyva.
 72573 | Slime:5  | Found the necklace of Bloodlust {Fury *Rage Will++ Int-3
                  | Slay+6}
 72587 | Slime:5  | Found the +7 sceptre of Torment {pain, torment}
 72690 | Slime:5  | Killed the Royal Jelly
 72929 | Slime:5  | Identified the +4 short sword "Uluheuh" {flame, rC+}
 72937 | Slime:5  | Got a fusty book
 73005 | Slime:5  | You pick up a book of Winter and begin reading...
 73010 | Slime:5  | Identified the ring "Disop" {*Slow Fly rF+ SInv}
 73014 | Slime:5  | Identified the ring of Waets {Fly Will+ MP+9}
 73027 | Slime:5  | Got a slimy rune of Zot
 73030 | Slime:5  | You pick up a book of Decay and begin reading...
 73037 | Slime:5  | You pick up a book of Dreams and begin reading...
 73048 | Slime:5  | You pick up a book of Displacement and begin reading...
 73088 | Slime:5  | Identified the +5 steam dragon scales "Owa Puju" {Rampage
                  | rElec MP+9 Dex-3}
 73093 | Slime:5  | You add the spells Malign Gateway and Summon Horrible
                  | Things to your library.
 73107 | Slime:5  | You pick up a book of Conjurations {@e2} and begin
                  | reading...
 73235 | Slime:5  | Reached XP level 27. HP: 254/254 MP: 30/30
 73649 | Depths:4 | the +9 sword of Zonguldrok {reap}; +1 pearl dragon scales
                  | {rare=g}
 73654 | Depths:4 | l - +1 pearl dragon scales {rare=g}
 73657 | Depths:4 | You drop +1 pearl dragon scales {rare=g}.
 73732 | Pan      | Entered the realm of Gloorx Vloq.
 73732 | Pan      | Entered Pandemonium
 74267 | Pan      | Reached skill level 11 in Invocations
 74376 | Pan      | Noticed a curse skull
 74417 | Pan      | Killed a curse skull
 74445 | Pan      | Noticed a curse skull
 74450 | Pan      | Killed a curse skull
 74490 | Pan      | Noticed Gloorx Vloq
 74506 | Pan      | Killed Gloorx Vloq
 74517 | Pan      | Got a dark rune of Zot
 74693 | Pan      | Reached skill level 12 in Invocations
 74829 | Pan      | Found an exit through the horrors of the Abyss.
 75026 | Pan      | Took an exit into the Abyss.
 75026 | Abyss:3  | You pass through the gate.
 75026 | Abyss:3  | Escaped into the Abyss
 75032 | Abyss:3  | Reached skill level 23 in Fighting
 75060 | Depths:3 | You pass through the gate.
 75060 | Depths:3 | Escaped the Abyss
 75062 | Depths:3 | magus.rc [v1.9.6]
 75357 | Elf:2    | Noticed Jorgrun
 75382 | Elf:2    | HP: 60/258 [+0 heavy glaive (29)]
 76520 | Pan      | Entered Pandemonium
 76547 | Pan      | Entered the realm of Cerebov.
 76597 | Pan      | Reached skill level 13 in Invocations
 77043 | Pan      | Found an exit through the horrors of the Abyss.
 77551 | Pan      | Found the +6 sword of Cerebov {flame}
 77551 | Pan      | Noticed Cerebov
 77551 | Pan      | Cerebov, Demon Lord of Fire and Steel comes into view. They
                  | are wielding the +6 sword of Cerebov {flame}.
 77555 | Pan      | Aim: Cerebov, wielding the +6 sword of Cerebov {flame}
 77555 | Pan      | Aim: Cerebov, wielding the +6 sword of Cerebov {flame}
 77556 | Pan      | Aim: Cerebov, wielding the +6 sword of Cerebov {flame}
                  | (ally target)
 77556 | Pan      | Aim: Cerebov, wielding the +6 sword of Cerebov {flame}
                  | (ally target)
 77560 | Pan      | Here: Cerebov, wielding the +6 sword of Cerebov {flame}
                  | (flame, lightly wounded, fast, unaffected by silence, slow,
                  | more vulnerable to fire, weak, waterlogged, ally target)
 77563 | Pan      | Here: Cerebov, wielding the +6 sword of Cerebov {flame}
                  | (flame, moderately wounded, fast, unaffected by silence,
                  | covered in liquid flames, slow, more vulnerable to fire,
                  | weak, waterlogged, ally target)
 77565 | Pan      | Aim: Cerebov, wielding the +6 sword of Cerebov {flame}
                  | (heavily wounded, fast, unaffected by silence, covered in
                  | liquid flames, slow, more vulnerable to fire, weak,
                  | waterlogged, 87% to hit)
 77565 | Pan      | Aim: Cerebov, wielding the +6 sword of Cerebov {flame}
                  | (heavily wounded, fast, unaffected by silence, covered in
                  | liquid flames, slow, more vulnerable to fire, weak,
                  | waterlogged, 87% to hit)
 77576 | Pan      | Aim: Cerebov, wielding the +6 sword of Cerebov {flame}
                  | (heavily wounded, fast, slow, more vulnerable to fire,
                  | weak, ally target, 82% to hit)
 77576 | Pan      | Aim: Cerebov, wielding the +6 sword of Cerebov {flame}
                  | (heavily wounded, fast, slow, more vulnerable to fire,
                  | weak, ally target, 82% to hit)
 77591 | Pan      | Aim: Cerebov, wielding the +6 sword of Cerebov {flame}
                  | (almost dead, fast, slow, weak, ally target, 82% to hit)
 77591 | Pan      | Aim: Cerebov, wielding the +6 sword of Cerebov {flame}
                  | (almost dead, fast, slow, weak, ally target, 82% to hit)
 77597 | Pan      | Killed Cerebov
 77598 | Pan      | Reached skill level 14 in Invocations
 77878 | Pan      | You pick up a book of Fire and begin reading...
 77894 | Pan      | Identified the ring "Qudiuneo" {Fly rC+ Will+ Str+3 Dex+3}
 77904 | Pan      | Identified the staff "Urghe" {rF+ rC+ Fire}
 77959 | Pan      | Identified the ring "Cikonush" {AC+4 Str+4 Dex+3}
 78013 | Pan      | Identified the ring of Sovereignty {rF- Int+6 Slay+3
                  | Stlth+}
 78018 | Pan      | Got a quavering book
 78038 | Pan      | Got a fiery rune of Zot
 78088 | Pan      | Noticed Milidd the pandemonium lord
 78102 | Pan      | Reached skill level 24 in Fighting
 78162 | Pan      | Noticed Azajid the pandemonium lord
 78200 | Pan      | Killed Azajid the pandemonium lord
 78308 | Pan      | Reached skill level 15 in Invocations
 78925 | Pan      | Entered the realm of Mnoleg.
 79249 | Pan      | Noticed Mnoleg
 79294 | Pan      | Killed Mnoleg
 79295 | Pan      | Reached skill level 16 in Invocations
 79332 | Pan      | Reached skill level 25 in Fighting
 79441 | Pan      | Got a glowing rune of Zot
 79510 | Pan      | Entered the realm of Lom Lobon.
 79616 | Pan      | Identified the +12 hand axe of Ojyll {elec, *Rage rF+ Str+2
                  | Stlth+}
 79976 | Pan      | Found an exit through the horrors of the Abyss.
 80318 | Pan      | Noticed Lom Lobon
 80380 | Pan      | Killed Lom Lobon
 80381 | Pan      | Reached skill level 26 in Shields
 80595 | Pan      | Got a magical rune of Zot
 80967 | Pan      | Reached skill level 26 in Fighting
 81019 | Pan      | Noticed Connar the pandemonium lord
 81121 | Pan      | Killed Connar the pandemonium lord
 81213 | Pan      | Found a runed translucent door.
 81255 | Pan      | Got a demonic rune of Zot
 81521 | Pan      | Found an exit through the horrors of the Abyss.
 81525 | Pan      | You pick up a book of the Moon and begin reading...
 81531 | Pan      | Took an exit into the Abyss.
 81531 | Abyss:3  | You pass through the gate.
 81531 | Abyss:3  | Escaped into the Abyss
 81531 | Abyss:3  | Found a corrupted altar of Lugonu.
 81533 | Abyss:3  | Found a shimmering blue altar of Sif Muna.
 81538 | Abyss:3  | Found an opulent altar of Gozag.
 81544 | Depths:1 | You pass through the gate.
 81544 | Depths:1 | Escaped the Abyss
 81576 | Hell     | Entered the Vestibule of Hell
 81576 | Hell     | Noticed Geryon
 81688 | Hell     | Found a gateway to the ashen valley of Gehenna.
 81858 | Hell     | Killed Geryon
 81942 | Hell     | Found a gateway to the Iron City of Dis.
 82107 | Hell     | Found a gateway to the freezing wastes of Cocytus.
 82258 | Hell     | Found a gateway to the decaying netherworld of Tartarus.
 82427 | Tar:1    | Entered Level 1 of Tartarus
 82505 | Tar:1    | Reached skill level 27 in Fighting
 82509 | Tar:1    | Reached skill level 27 in Shields
 82773 | Tar:3    | Noticed a dread lich
 82790 | Tar:4    | Noticed an ancient lich
 82852 | Tar:5    | Reached skill level 11 in Evocations
 82989 | Tar:6    | Reached skill level 12 in Evocations
 83160 | Tar:7    | Entered Level 7 of Tartarus
 83354 | Tar:7    | Reached skill level 13 in Evocations
 83625 | Tar:7    | You pick up a book of the Moon and begin reading...
 83673 | Tar:7    | Reached skill level 14 in Evocations
 83753 | Tar:7    | Noticed a dread lich
 83756 | Tar:7    | Noticed an ancient lich
 83763 | Tar:7    | Killed a dread lich
 83772 | Tar:7    | Killed an ancient lich
 83791 | Tar:7    | You pick up a book of Armaments and begin reading...
 83889 | Tar:7    | magus.rc [v1.9.6]
 83950 | Tar:7    | Reached skill level 15 in Evocations
 84026 | Tar:7    | Reached skill level 16 in Evocations
 84069 | Tar:7    | Noticed Ereshkigal
 84215 | Tar:7    | Got a bone rune of Zot
 84233 | Tar:7    | Paralysed by Ereshkigal for 4 turns
 84258 | Tar:7    | Killed Ereshkigal
 84447 | Tar:7    | Reached skill level 17 in Long Blades
 84518 | Tar:7    | HP: 68/273 [Tzitzimitl/dispel undead[a doom hound] (56)]
 84959 | Zig:1    | Entered Level 1 of a ziggurat
 84977 | Zig:2    | Entered Level 2 of a ziggurat
 85000 | Zig:3    | Entered Level 3 of a ziggurat
 85000 | Zig:3    | Noticed Fuammib the pandemonium lord
 85019 | Zig:3    | Killed Fuammib the pandemonium lord
 85023 | Zig:3    | Identified the amulet "Hyc Wotz" {RegenMP rC- Will+ Slay+4}
 85035 | Zig:4    | Entered Level 4 of a ziggurat
 85056 | Zig:4    | Reached skill level 18 in Long Blades
 85069 | Zig:5    | Entered Level 5 of a ziggurat
 85100 | Zig:5    | Identified the +9 hand axe of Contention {venom, Dex+3}
 85112 | Zig:6    | Entered Level 6 of a ziggurat
 85158 | Zig:6    | Identified the +3 battleaxe of the Crushed Deaths {holy,
                  | rElec rPois rF++ Dex-5}
 85163 | Zig:6    | Identified the +11 orcbow of Mastery {drain, *Corrode rN+
                  | Str+6 Int+2}
 85172 | Zig:7    | Entered Level 7 of a ziggurat
 85186 | Zig:7    | Noticed Zomaod the pandemonium lord
 85221 | Zig:7    | Killed Zomaod the pandemonium lord
 85245 | Zig:7    | You pick up a book of Ice and begin reading...
 85265 | Zig:8    | Entered Level 8 of a ziggurat
 85337 | Zig:8    | Identified the ring of the Nightingale {rC+ Int+4}
 85341 | Zig:8    | Identified the ring "Qygehe" {rPois rCorr MP+9 Dex+3}
 85347 | Zig:8    | Identified the +4 ring mail of Ziseun {Rampage rN+ Int+2
                  | Stlth+}
 85353 | Zig:9    | Entered Level 9 of a ziggurat
 85366 | Zig:9    | Reached skill level 19 in Long Blades
 85374 | Zig:9    | Lost intelligence.
 85375 | Zig:9    | HP: 64/273 [juggernaut simulacrum[an orange crystal statue]
                  | (9)]
 85376 | Zig:9    | HP: 30/273 [Ice Fiend (3)]
 85376 | Zig:9    | HP: 9/273 [Ice Fiend (14)]
 85376 | Zig:9    | HP: 3/273 [Ice Fiend (2)]
 85376 | Zig:9    | Slain by an Ice Fiend

Vanquished Creatures
  Cerebov (Pan)
  the Royal Jelly (Slime:5)
  Ereshkigal (Tar:7)
  Dissolution (Slime:4)
  Gloorx Vloq (Pan)
  Mnoleg (Pan)
  Lom Lobon (Pan)
  4 ancient liches
  5 dread liches
  8 orbs of fire
  3 pandemonium lords
  Parghit (Depths:3)
  3 shard shrikes (Zig:9)
  4 Killer Klowns
  Saint Roka (Snake:3)
  5 caustic shrikes (Depths:3)
  Geryon (Hell)
  3 curse toes
  A caustic shrike (shapeshifter) (Vaults:5)
  11 golden dragons
  3 profane servitors
  11 Tzitzimimeh
  3 Brimstone Fiends (Pan)
  Jory (Depths:3)
  An iron giant (Zig:2)
  13 doom hounds
  15 bone dragons
  3 electric golems
  4 liches
  9 tainted leviathans
  A walking earthen tome (Depths:2)
  24 tentacled monstrosities
  Mlioglotl (Snake:3)
  22 Orb Guardians
  7 deep elf blademasters
  Asterion (Depths:1)
  A moon troll (WizLab)
  8 titans
  5 deep elf master archers
  17 acid blobs
  5 quicksilver dragons
  10 tentacled starspawn
  A thorn hunter (Swamp:2)
  20 Executioners
  3 ancient champions (Hell)
  5 death cobs
  Agnes (Depths:1)
  10 sphinxes
  9 tengu reavers
  A shadow dragon (shapeshifter) (Zig:7)
  Kirke (Swamp:1)
  Aizul (Depths:1)
  12 shadow dragons
  15 storm dragons
  A revenant (Vaults:3)
  A fire giant (shapeshifter) (Zig:7)
  15 azure jellies
  5 draconian monks
  13 rockslimes
  3 demonspawn warmongers (Pan)
  16 nagarajas
  11 frost giants
  5 draconian knights
  15 fire giants
  An iron dragon (Depths:4)
  2 fenstrider witches
  5 draconian scorchers
  22 vault wardens
  3 deep elf sorcerers
  10 ghost moths
  19 balrugs (Pan)
  4 deep elf elementalists (Elf:3)
  5 imperial myrmidons (Desolation)
  A spectral juggernaut (Tar:1)
  9 orc warlords
  3 ghouls (Swamp:3)
  Louise (Elf:1)
  5 draconian stormcallers
  17 cacodemons
  3 demonspawn corrupters (Pan)
  4 demonspawn blood saints (Pan)
  13 reapers
  2 curse skulls (Pan)
  4 draconian shifters
  2 angels (Vaults:2)
  8 quicksilver oozes
  34 stone giants
  20 ironbound preservers
  6 ironbound thunderhulks
  A spriggan defender (Depths:1)
  37 very ugly things
  3 war gargoyles
  6 draconian annihilators
  3 vampire knights
  A juggernaut skeleton (Pan)
  3 eleionomae
  4 formless jellyfish
  9 deep elf annihilators
  6 black draconians
  6 deep elf demonologists
  A putrid mouth (Hell)
  9 red draconians
  14 green draconians
  7 demonspawn black suns (Pan)
  7 yellow draconians
  4 minotaurs
  14 lorocyprocas
  10 purple draconians
  6 white draconians
  11 dire elephants (Vaults:4)
  2 halazid warlocks
  An iron golem (Hell)
  7 blizzard demons
  3 bunyips
  7 deep elf death magi
  9 eidola
  7 green deaths (Pan)
  5 spark wasps
  5 crystal guardians
  Snorg (D:13)
  19 yaktaur captains
  2 merfolk impalers
  14 ragged hierophants (Desolation)
  A shambling mangrove (Swamp:3)
  3 entropy weavers
  2 merfolk javelineers
  11 ettins
  7 fire dragons
  4 great orbs of eyes
  7 deep elf high priests
  8 ice dragons
  A hell beast (Hell)
  7 servants of whispers (Desolation)
  13 hydras
  2 spectral spriggans (Tar:1)
  34 vault guards
  4 rakshasas
  4 ghost crabs
  An anaconda (shapeshifter) (Vaults:4)
  3 salamander tyrants
  10 ironbound frosthearts
  7 peacekeepers
  A spriggan skeleton (Pan)
  17 centaur warriors
  4 spriggan air magi
  6 alligators
  A sphinx zombie (Depths:3)
  A juggernaut simulacrum (Abyss:3)
  3 ogre magi
  2 demonspawn (Orc:2)
  13 anacondas
  32 dancing weapons
  2 boulder beetles
  6 two-headed ogres
  6 death yaks (Lair:3)
  11 tengu warriors
  20 naga warriors
  A spectral stone giant (Tar:1)
  5 naga sharpshooters
  3 vampire magi
  3 demonic crawlers (Pan)
  8 deep troll earth magi
  7 orc high priests (Orc:2)
  A spectral dire elephant (Tar:1)
  A titan zombie (Vaults:3)
  Nergalle (D:11)
  2 hell hogs
  4 deep troll shamans
  7 shock serpents
  6 spriggan berserkers
  35 large abominations
  2 thrashing horrors
  37 sun demons
  26 deep elf knights
  7 iron trolls
  17 sixfirhies
  2 skeletal warriors
  12 soul eaters
  2 hell knights
  6 spriggans
  5 goliath frogs
  3 spatial maelstroms
  2 titan skeletons
  4 salamander mystics
  6 wretched stars
  9 shadow wraiths
  46 deep trolls
  2 skysharks
  14 glowing orange brains
  2 spectral anacondas (Tar:1)
  4 shadow demons (Pan)
  5 swamp dragons
  A death drake (Swamp:1)
  An orange crystal statue (WizLab)
  5 flayed ghosts
  An obsidian statue (Zig:9)
  2 spriggan druids
  22 ironbound convokers
  8 bog bodies
  A deep troll (shapeshifter) (D:13)
  10 naga ritualists
  7 lindwurms
  3 spectral hydras (Swamp:4)
  7 phantasmal warriors
  A steelbarb worm (shapeshifter) (Vaults:5)
  15 wizards
  21 deep elf archers
  2 alligator zombies (Swamp:4)
  28 deep elf pyromancers
  24 orc knights
  39 deep elf zephyrmancers
  13 harpies
  5 necromancers
  A shadow dragon zombie (Depths:3)
  9 mana vipers
  22 starcursed masses
  14 orc sorcerers
  A shadow dragon skeleton (Pan)
  2 manticores (shapeshifter)
  A tengu skeleton (Vaults:4)
  51 ugly things
  7 shining eyes
  20 salamanders
  A wolf spider (Lair:5)
  5 manticores
  A faun (Lair:1)
  A spectral centaur (Tar:2)
  4 will-o-the-wisps
  7 cyclopes
  A worldbinder (Abyss:3)
  An iron dragon skeleton (Pan)
  27 moths of wrath
  A fire giant zombie (Vaults:2)
  An elephant (shapeshifter) (D:11)
  2 apocalypse crabs
  10 rust devils
  A black mamba (shapeshifter) (D:14)
  14 naga magi
  4 molten gargoyles
  12 elephants
  13 guardian serpents
  2 gargoyles (D:11)
  7 eyes of devastation
  39 black mambas
  15 vault sentinels
  37 smoke demons
  25 orange demons
  3 ice statues
  An unseen horror (Pan)
  10 cane toads
  7 hellions
  Psyche (D:8)
  A dire elephant skeleton (Pan)
  52 yaktaurs
  14 komodo dragons
  2 naga skeletons (Pan)
  2 yaktaur zombies
  5 rime drakes
  8 swamp worm zombies (Swamp:4)
  4 ancient zymes
  A kobold demonologist (D:11)
  13 tormentors
  4 efreet (Pan)
  4 freezing wraiths
  A yaktaur (shapeshifter) (Elf:3)
  5 ice devils
  5 tengu conjurers
  A silent spectre (Tar:2)
  2 human skeletons
  13 merfolk
  A queen bee (D:9)
  3 spectral harpies
  8 hellwings
  2 red devils (Pan)
  2 hydra zombies (Swamp:4)
  8 trolls
  7 tyrant leeches
  5 polar bears
  60 saltlings (Desolation)
  A harpy skeleton (Pan)
  A hornet (shapeshifter) (D:14)
  A raiju (D:14)
  11 hornets
  16 blink frogs
  3 spectral swamp dragons (Swamp:4)
  2 ettin zombies
  A centaur simulacrum (D:14)
  82 slime creatures
  A shadow (D:11)
  3 air elementals
  A flying skull (Abyss:3)
  9 ynoxinuls
  4 wraiths
  7 water elementals
  2 vampires
  A hog (Swamp:1)
  45 yaks
  9 wyverns
  18 golden eyes
  Grum (D:8)
  19 neqoxecs
  4 fire elementals
  6 basilisks
  A redback (shapeshifter) (Elf:3)
  27 vampire mosquitoes
  A death yak simulacrum (IceCv)
  17 chaos spawn
  An elf skeleton (Vaults:4)
  2 steam dragons
  6 redbacks (Lair:5)
  2 human simulacra
  42 nagas
  6 wargs
  4 harpy simulacra
  A spatial vortex (Abyss:3)
  2 acid dragons
  26 water moccasins
  A water moccasin (shapeshifter) (Vaults:2)
  19 swamp worms
  2 floating eyes (Zot:3)
  9 swamp drakes
  57 orc warriors
  A sky beast (D:7)
  4 swamp dragon zombies (Swamp:4)
  5 black bears
  3 ice beasts
  12 wolves
  18 ogres
  9 centaurs
  3 boggarts (Vaults:1)
  6 small abominations
  10 phantoms
  2 kobold brigands (D:9)
  13 bullfrogs
  2 necrophages (Swamp:3)
  2 cane toad simulacra (IceCv)
  A gnoll sergeant (D:8)
  A two-headed ogre simulacrum (IceCv)
  5 earth elementals
  A scorpion (D:5)
  3 wights (D:8)
  31 killer bees
  8 howler monkeys
  2 quasits
  10 jellies
  Crazy Yiuf (D:7)
  A gnoll bouda (D:7)
  27 orc priests
  6 hounds
  A sleepcap (D:6)
  6 iguanas
  20 orc wizards
  3 spriggan simulacra
  9 hell rats
  3 troll simulacra (IceCv)
  2 wolf simulacra (IceCv)
  Robin (D:2)
  7 gnolls
  A naga simulacrum (IceCv)
  2 swamp drake zombies (Swamp:4)
  7 adders
  A shadow imp (D:8)
  4 white imps
  6 ufetubi (IceCv)
  2 worms
  2 dart slugs
  106 orcs
  7 bats
  23 endoplasms
  3 giant cockroaches
  21 goblins
  10 hobgoblins
  9 quokkas
  5 ball pythons
  4 frilled lizards
  21 kobolds
  4 rats
  A ball lightning (Pan)
  A fire vortex (Pan)
  9 starspawn tentacles
3176 creatures vanquished.

Vanquished Creatures (collateral kills)
  A pandemonium lord (Zig:7)
  2 orbs of fire (Zot:5)
  A profane servitor (Tar:7)
  4 bone dragons
  2 doom hounds
  An electric golem (Zot:5)
  3 Tzitzimimeh
  2 tainted leviathans
  3 Orb Guardians (Zot:5)
  A reaper (Tar:6)
  A spectral iron giant (Tar:6)
  A spriggan air mage (Depths:2)
  2 demonic crawlers (Pan)
  A crystal echidna (Zig:2)
  A deep troll (Vaults:4)
  2 wizards (Pan)
  A spectral ettin (Tar:1)
  A black mamba (Zig:5)
  A tormentor (Tar:7)
  A hydra zombie (Swamp:4)
  A hellwing (Pan)
  A spriggan (Depths:2)
  A large abomination (Pan)
  A vampire mosquito (Swamp:4)
  An orc warrior (Zig:6)
  An orc wizard (Zig:6)
  A fire vortex (Pan)
39 creatures vanquished.

Vanquished Creatures (others)
  A dread lich (Zot:3)
  An eldritch tentacle (Pan)
  A nagaraja (Snake:4)
  A draconian knight (Zot:5)
  A demonspawn corrupter (Zig:3)
  A very ugly thing (Vaults:5)
  3 doom hound zombies (Tar:7)
  A deep elf demonologist (Elf:1)
  A lorocyproca (Pan)
  A yellow draconian (Zig:8)
  A peacekeeper (Desolation)
  An alligator (Swamp:2)
  3 deep elf knights
  A deep troll (Vaults:2)
  A tainted leviathan zombie (Tar:7)
  A wizard (Pan)
  2 deep elf pyromancers
  A moth of wrath (Zot:5)
  An orange demon (Pan)
  An unseen horror zombie (Pan)
  A tengu conjurer (D:14)
  A troll (Vaults:5)
  3 demonic crawler zombies (Pan)
  A hellwing (Pan)
  A tyrant leech (Swamp:1)
  3 bloated husks
  2 moth of wrath zombies (Zot:5)
  7 elf zombies (Elf:2)
  A swamp worm (Swamp:4)
  2 orc warriors
  An apocalypse crab zombie (Zig:7)
  A warg zombie (Zig:6)
  An orc wizard (Swamp:2)
  3 orc zombies (Zig:6)
  12 ball lightnings (Pan)
  A creeping inferno (Zot:2)
  2 fire vortices (Pan)
  14 foxfires
  16 starspawn tentacles
98 creatures vanquished.

Grand Total: 3313 creatures vanquished

Table legend:
 A = Non-vault XP
 B = Vault XP
 C = Vault XP percentage of total XP
 D = Non-vault monster count
 E = Vault monster count
 F = Vault count percentage of total count
                 A         B        C        D         E       F
            +---------+---------+-------+---------+---------+-------
      Total | 1104727 |  974565 |  46.9 |    1864 |    1207 |  39.3
            +---------+---------+-------+---------+---------+-------
        D:1 |      38 |       0 |   0.0 |      23 |       0 |   0.0
        D:2 |      40 |      67 |  62.6 |      16 |      23 |  59.0
        D:3 |      82 |       0 |   0.0 |      12 |       0 |   0.0
        D:4 |     519 |     121 |  18.9 |      23 |       1 |   4.2
        D:5 |    1137 |       0 |   0.0 |      24 |       0 |   0.0
        D:6 |    1085 |       0 |   0.0 |      31 |       0 |   0.0
        D:7 |    1635 |      41 |   2.4 |      17 |       1 |   5.6
        D:8 |    2338 |    1310 |  35.9 |      27 |      13 |  32.5
        D:9 |    2312 |    1857 |  44.5 |      33 |      26 |  44.1
       D:10 |    1674 |       0 |   0.0 |      11 |       0 |   0.0
       D:11 |    6706 |   11159 |  62.5 |      32 |      22 |  40.7
       D:12 |    2728 |       0 |   0.0 |       5 |       0 |   0.0
       D:13 |    4460 |     922 |  17.1 |       8 |       1 |  11.1
       D:14 |   12466 |    8598 |  40.8 |      29 |      14 |  32.6
       D:15 |   13558 |    4393 |  24.5 |      27 |       6 |  18.2
     Lair:1 |    7615 |     532 |   6.5 |      25 |       1 |   3.8
     Lair:2 |    4717 |     326 |   6.5 |      19 |      19 |  50.0
     Lair:3 |    9972 |     714 |   6.7 |      24 |       2 |   7.7
     Lair:4 |    5286 |    2331 |  30.6 |      13 |       7 |  35.0
     Lair:5 |   16016 |   11831 |  42.5 |      59 |      50 |  45.9
    Swamp:1 |    8575 |    3078 |  26.4 |      23 |       9 |  28.1
    Swamp:2 |   13558 |       0 |   0.0 |      25 |       0 |   0.0
    Swamp:3 |   17715 |       0 |   0.0 |      30 |       0 |   0.0
    Swamp:4 |   11123 |   16109 |  59.2 |      26 |      43 |  62.3
    Snake:1 |   10937 |       0 |   0.0 |      23 |       0 |   0.0
    Snake:2 |   24853 |       0 |   0.0 |      48 |       0 |   0.0
    Snake:3 |   16050 |    7194 |  30.9 |      30 |      14 |  31.8
    Snake:4 |   19888 |   36996 |  65.0 |      39 |      48 |  55.2
    Slime:1 |    6990 |       0 |   0.0 |      21 |       0 |   0.0
    Slime:2 |    5805 |       0 |   0.0 |      12 |       0 |   0.0
    Slime:3 |    4657 |       0 |   0.0 |      10 |       0 |   0.0
    Slime:4 |    4990 |   15353 |  75.5 |      13 |       7 |  35.0
    Slime:5 |   14840 |   17936 |  54.7 |      27 |      13 |  32.5
      Orc:1 |    2485 |     178 |   6.7 |      32 |       2 |   5.9
      Orc:2 |    5778 |   15793 |  73.2 |      33 |      62 |  65.3
      Elf:1 |   14728 |   11928 |  44.7 |      24 |      17 |  41.5
      Elf:2 |   18621 |   23977 |  56.3 |      33 |      32 |  49.2
      Elf:3 |   17202 |   29092 |  62.8 |      31 |      26 |  45.6
   Vaults:1 |   28823 |   16096 |  35.8 |      49 |      17 |  25.8
   Vaults:2 |   39912 |   14218 |  26.3 |      59 |      16 |  21.3
   Vaults:3 |   37807 |   33697 |  47.1 |      62 |      43 |  41.0
   Vaults:4 |   32373 |   57383 |  63.9 |      42 |      54 |  56.2
   Vaults:5 |   10275 |   84254 |  89.1 |      16 |      73 |  82.0
   Depths:1 |   19630 |    9415 |  32.4 |      22 |      10 |  31.2
   Depths:2 |   16745 |   27355 |  62.0 |      21 |      26 |  55.3
   Depths:3 |   55699 |   16092 |  22.4 |      53 |      20 |  27.4
   Depths:4 |   27216 |   15400 |  36.1 |      32 |      15 |  31.9
       Hell |   14232 |   36287 |  71.8 |      20 |      49 |  71.0
      Tar:1 |   15903 |       0 |   0.0 |      15 |       0 |   0.0
      Tar:2 |     854 |       0 |   0.0 |       2 |       0 |   0.0
      Tar:4 |    1076 |       0 |   0.0 |       2 |       0 |   0.0
      Tar:5 |    6557 |       0 |   0.0 |       4 |       0 |   0.0
      Tar:6 |   20429 |       0 |   0.0 |      13 |       0 |   0.0
      Tar:7 |   46470 |   72658 |  61.0 |      28 |      36 |  56.2
      Zot:1 |   45114 |       0 |   0.0 |      33 |       0 |   0.0
      Zot:2 |   24177 |    8695 |  26.5 |      20 |       8 |  28.6
      Zot:3 |   33734 |   21687 |  39.1 |      27 |      10 |  27.0
      Zot:4 |   37132 |   13854 |  27.2 |      32 |       4 |  11.1
      Zot:5 |   27542 |   93131 |  77.2 |      25 |      37 |  59.7
    Abyss:2 |    3021 |    3560 |  54.1 |       4 |       8 |  66.7
    Abyss:3 |   22944 |    5982 |  20.7 |      48 |      10 |  17.2
        Pan |  172881 |  117830 |  40.5 |     236 |     109 |  31.6
      Zig:1 |     512 |       0 |   0.0 |       4 |       0 |   0.0
      Zig:2 |    2814 |       0 |   0.0 |       2 |       0 |   0.0
      Zig:3 |    3404 |       0 |   0.0 |       2 |       0 |   0.0
      Zig:4 |    2840 |       0 |   0.0 |       7 |       0 |   0.0
      Zig:5 |    5394 |       0 |   0.0 |       8 |       0 |   0.0
      Zig:6 |    4264 |       0 |   0.0 |      15 |       0 |   0.0
      Zig:7 |   12843 |       0 |   0.0 |       9 |       0 |   0.0
      Zig:8 |    9342 |       0 |   0.0 |       9 |       0 |   0.0
      Zig:9 |    8453 |    1109 |  11.6 |       3 |       2 |  40.0
     Bailey |       0 |    1183 | 100.0 |       0 |      18 | 100.0
      IceCv |       0 |    4635 | 100.0 |       0 |      30 | 100.0
     WizLab |    1136 |   46914 |  97.6 |       2 |      52 |  96.3
 Desolation |       0 |   51294 | 100.0 |       0 |     101 | 100.0
            +---------+---------+-------+---------+---------+-------

Skill      XL: |  1  2  3  4  5  6  7  8  9 10 11 12 13 14 15 16 17 18 19 20 21 22 23 24 25 26 27 |
---------------+----------------------------------------------------------------------------------+-----
Long Blades    | 3 4 5 6 7 9 11 12 14 15 16 19 | 19.2
Fighting       | 5 8 10 11 14 16 17 18 20 22 27 | 27.0
Dodging        | 3 8 9 12 14 18 20 | 20.0
Shields        | 7 12 16 17 20 21 22 25 27 | 27.0
Invocations    | 4 9 10 16 | 16.0
Evocations     | 4 9 10 16 | 16.0
Transmutations | 2 6 10 | 10.0
Stealth        | 6 |  6.0
Spellcasting   | 4 |  4.0
Shapeshifting  | 9 15 20 23 | 23.0

Action                     |  1- 3 |  4- 6 |  7- 9 | 10-12 | 13-15 | 16-18 | 19-21 | 22-24 | 25-27 || total
---------------------------+-------+-------+-------+-------+-------+-------+-------+-------+-------++-------
  Melee: Long sword        |   141 |     2 |       |       |       |       |       |       |       ||   143
         Tailslap          |    13 |    13 |    41 |   123 |   273 |   297 |   731 |   675 |  1311 ||  3477
         Falchion          |       |    93 |   237 |   613 |       |       |       |       |       ||   943
         Dagger            |       |    31 |       |     2 |    12 |       |       |       |       ||    45
         Demon blade       |       |       |       |    38 |  1362 |  1467 |  2854 |  2392 |  3292 || 11405
         Maw               |       |       |       |       |       |       |       |   381 |   151 ||   532
         Double sword      |       |       |       |       |       |       |       |       |  1178 ||  1178
  Throw: Dart              |       |       |     4 |       |       |       |       |       |       ||     4
   Cast: Wereblood         |       |       |       |       |     3 |    33 |    64 |    40 |     6 ||   146
 Invoke: Heroism           |       |       |       |     1 |     9 |    30 |    18 |       |       ||    58
         Receive Weapon    |       |       |       |     1 |       |       |       |       |       ||     1
         Receive Armour    |       |       |       |     1 |       |       |       |       |       ||     1
         Finesse           |       |       |       |       |     2 |     7 |     5 |       |       ||    14
         Greater Servant o |       |       |       |       |       |       |     1 |     5 |    16 ||    22
         Lesser Servant of |       |       |       |       |       |       |       |     1 |     1 ||     2
Ability: Breathe Steam     |       |       |    10 |    23 |     6 |     6 |    16 |     2 |       ||    63
         Siphon Essence    |       |       |       |       |       |       |       |       |     3 ||     3
  Evoke: Wand              |       |       |       |    14 |       |     6 |     5 |     5 |    18 ||    48
         Lightning rod     |       |       |       |       |       |       |     6 |     2 |     5 ||    13
         Condenser vane    |       |       |       |       |       |       |     3 |     2 |     5 ||    10
         Sack of spiders   |       |       |       |       |       |       |     2 |     2 |     4 ||     8
         Phantom mirror    |       |       |       |       |       |       |       |     1 |     4 ||     5
         Phial of floods   |       |       |       |       |       |       |       |       |     2 ||     2
         Horn of Geryon    |       |       |       |       |       |       |       |       |     1 ||     1
    Use: Potion            |     4 |       |       |       |       |     4 |     7 |     1 |     9 ||    25
         Scroll            |       |       |    14 |     9 |     8 |     4 |    12 |    10 |    24 ||    81
   Stab: Sleeping          |       |     3 |     2 |     4 |    17 |    30 |    27 |    16 |    19 ||   118
         Invisible         |       |       |       |     1 |       |     4 |     1 |     3 |    12 ||    21
         Distracted        |       |       |       |       |     2 |     3 |     4 |     5 |    33 ||    47
         Petrifying        |       |       |       |       |       |       |     1 |       |       ||     1
         Petrified         |       |       |       |       |       |       |     1 |       |       ||     1
         Held in net/web   |       |       |       |       |       |       |     3 |       |       ||     3
         Confused          |       |       |       |       |       |       |       |     1 |       ||     1
 Armour: Skin              |   106 |    53 |   131 |   173 |   296 |   212 |   720 |   611 |   992 ||  3294
  Dodge: Dodged            |   114 |    60 |   110 |   105 |   275 |   340 |   894 |   826 |  1747 ||  4471
  Block: Buckler           |    49 |    28 |    51 |    17 |       |       |       |       |       ||   145
         Tower shield      |       |       |       |   511 |  1650 |  1549 |  3513 |  2784 |  4901 || 14908
         Reflection        |       |       |       |       |    61 |   184 |   127 |    93 |    30 ||   495
   Form: Maw               |       |       |       |       |       |       |       |     1 |       ||     1
         Death             |       |       |       |       |       |       |       |       |     2 ||     2
                           |       |       |       |       |       |       |       |       |     1 ||     1

Illustrated notes

Table legend:
 A = Kills in this place as a percentage of kills in the entire game.
 B = Kills by you in this place as a percentage of kills by you in the entire game.
 C = Kills by friends in this place as a percentage of kills by friends in the entire game.
 D = Other kills in this place as a percentage of other kills in the entire game.
 E = Experience gained in this place as a percentage of experience gained in the entire game.
 F = Experience gained in this place divided by the number of levels of this place that you have seen.
                   A       B       C       D       E      F
               +-------+-------+-------+-------+-------+----------------------
         Total | 100.0 | 100.0 | 100.0 | 100.0 | 100.0 | 21217.3
       Dungeon |  13.8 |  14.1 |   0.0 |   5.3 |   3.8 | 5283.1
          Lair |   7.1 |   7.3 |   0.0 |   0.0 |   2.9 | 11868.0
         Swamp |   5.1 |   5.1 |   5.3 |   5.3 |   3.4 | 17539.5
     Snake Pit |   6.6 |   6.6 |   0.0 |  10.5 |   5.6 | 28979.5
    Slime Pits |   3.4 |   3.4 |   0.0 |   0.0 |   3.4 | 14114.2
  Orcish Mines |   4.2 |   4.3 |   0.0 |   0.0 |   1.2 | 12117.0
   Elven Halls |   5.3 |   5.2 |   0.0 |  26.3 |   5.6 | 38516.0
        Vaults |  14.0 |  14.2 |   2.6 |  15.8 |  17.1 | 70967.6
        Depths |   6.5 |   6.5 |   5.3 |   0.0 |   9.0 | 46888.0
          Hell |   2.2 |   2.3 |   0.0 |   0.0 |   2.4 | 50519.0
      Tartarus |   3.3 |   2.8 |  42.1 |   0.0 |   7.9 | 23421.0
           Zot |   6.4 |   6.2 |  15.8 |  15.8 |  14.7 | 61013.2
         Abyss |   2.3 |   2.3 |   0.0 |   0.0 |   1.7 | 7101.4
   Pandemonium |  11.2 |  11.2 |  15.8 |   5.3 |  14.0 | 17100.6
      Ziggurat |   2.0 |   1.8 |  13.2 |  10.5 |   2.5 | 5663.9
        Bailey |   0.6 |   0.6 |   0.0 |   0.0 |   0.1 | 1183.0
      Ice Cave |   1.0 |   1.0 |   0.0 |   0.0 |   0.2 | 4635.0
        Wizlab |   1.8 |   1.8 |   0.0 |   0.0 |   2.3 | 48050.0
    Desolation |   3.3 |   3.3 |   0.0 |   5.3 |   2.5 | 51294.0
               +-------+-------+-------+-------+-------+----------------------

Table legend: (Time is in decaauts)
 A = Elapsed time spent in this place.
 B = Non-inter-level travel time spent in this place.
 C = Inter-level travel time spent in this place.
 D = Time resting spent in this place.
 E = Time spent auto-exploring this place.
 F = Levels seen in this place.
 G = Mean time per level.
                   A        B        C        D        E       F      G
               +--------+--------+--------+--------+--------+-----+--------+
         Total |  81076 |  73412 |   7664 |  13841 |  37996 |  98 |  827.3 |
       Dungeon |  16444 |  13602 |   2842 |   1370 |   9578 |  15 | 1096.3 |
        Temple |     13 |      3 |     10 |      0 |      0 |   1 |   13.0 |
          Lair |   6282 |   5575 |    707 |    706 |   3476 |   5 | 1256.4 |
         Swamp |   4023 |   3863 |    160 |    849 |   2013 |   4 | 1005.8 |
     Snake Pit |   5261 |   4936 |    325 |    849 |   2968 |   4 | 1315.2 |
    Slime Pits |   2160 |   2074 |     86 |    815 |    357 |   5 |  432.0 |
  Orcish Mines |   2306 |   2010 |    296 |    417 |   1055 |   2 | 1153.0 |
   Elven Halls |   4306 |   4022 |    284 |    990 |   2043 |   3 | 1435.3 |
        Vaults |  11299 |  10036 |   1263 |   2212 |   5187 |   5 | 2259.8 |
        Depths |   6502 |   5542 |    960 |    907 |   3111 |   4 | 1625.5 |
          Hell |    786 |    704 |     82 |     14 |    318 |   1 |  786.0 |
      Tartarus |   2211 |   2193 |     18 |   1021 |    184 |   7 |  315.9 |
           Zot |   8516 |   7889 |    627 |   2270 |   3580 |   5 | 1703.2 |
         Abyss |    919 |    919 |      0 |     17 |    148 |   5 |  183.8 |
   Pandemonium |   5755 |   5755 |      0 |    637 |   2652 |  17 |  338.5 |
      Ziggurat |    360 |    360 |      0 |      0 |      0 |   9 |   40.0 |
        Bazaar |    104 |    104 |      0 |      0 |     50 |   1 |  104.0 |
         Trove |    142 |    142 |      0 |      0 |      0 |   1 |  142.0 |
        Bailey |    363 |    363 |      0 |     52 |    125 |   1 |  363.0 |
      Ice Cave |    756 |    756 |      0 |    395 |    102 |   1 |  756.0 |
        Wizlab |   1351 |   1351 |      0 |    173 |    694 |   1 | 1351.0 |
    Desolation |   1208 |   1208 |      0 |    146 |    352 |   1 | 1208.0 |
               +--------+--------+--------+--------+--------+-----+--------+

Top non-repeatable levels by time:
Vaults:4: 2859 daAuts
Vaults:2: 2574 daAuts
   Zot:4: 2429 daAuts
 Snake:4: 2279 daAuts
Vaults:1: 2195 daAuts
Depths:3: 2162 daAuts
Vaults:3: 2157 daAuts
   Zot:5: 1803 daAuts
   Elf:3: 1788 daAuts
    D:14: 1777 daAuts
  Lair:5: 1579 daAuts
   Tar:7: 1562 daAuts
Depths:2: 1554 daAuts
Vaults:5: 1512 daAuts
   Elf:2: 1511 daAuts
